Workbook
Name ACSR: 'Material R'!$G$3:$G$36
Name ACSRT: 'Material R'!$G$4:$H$36
Name Aluminum: 'Material R'!$D$3:$D$36
Name AluminumT: 'Material R'!$D$4:$E$36
Name Copper: 'Material R'!$A$3:$A$28
Name CopperT: 'Material R'!$A$4:$B$28

Sheet Instructions
C5: Instructions for Using the Re-Conductor & Transformer Energy Savings Calculator
C6: Intended Use
C7: The Calculator was developed by BPA's Energy Efficiency team to offer an alternate path to the custom project path for reporting savings from these two measures. It allows multiple projects to be entered into one file. Each project or sub-project is entered into seaparate tabs. The file currently allows up to six (6) Re-Conductor and six (6) Transformer measures to be entered. The intent of transformer size in this application is to report substation level power transformers, or large transformers servicing retail C&I loads, e.g, 1 MVA or larger. The calculator is intended for utility owned equipment only. Future versions may consider adding measures that apply to energy savings from retail facility owned Re-Conductor & Tranformer replacements.
C8: General Instructions
C9: Start at the Summary tab. Enter general information. Then, move to specific tab(s). One tab per section of Re-Conductor or Transformer. Yellow cells are for manually entered information, blue cells are automatically calculated. The energy savings calculations and M&V practice follow the same established process used in custom projects for these measures. This file attempts to cover the most common applications of Re-Conductor and Transformer projects, but there maybe cases when a project scope does not fit into the available format. BPA technical staff is available to address those situations and any questions you may have about filling out this file. See point of contact below.
C10: Data Sources for Re-Conductor
C11: The fundamental energy savings input parameter is Annual Peak Current (A) at the start and end of the section being re-conductored. If annual peak phase and neutral current (amps) can be estimated using a well calibrated load flow model that can be a good source. Attention to phase current imbalance is important. The file allows for phase conducotor specific currents to be entered. If the currents are not known or difficult to estimate, use peak power (kW) estimates with corresponding power factor at peak for the re-conductor section. The calculator derives peak currents from the power input data. Load Factor for the Re-Conductor section can use the corresponding source substation load factor. BPA technical staff can provide Load Factor value using the most appropriate BPA revenue metered data.
C12: Data Sources for Transformer
C13: The fundamental energy savings input parameters are the manufacturer documented no-load loss and nameplate load loss (kW) for the old and new transformer. The loss test sheet can be difficult to locate for the old transformer. BPA technical support can help assist in locating the report or providing an estimate. Peak load power (kVA) and Load Factor for the Transformer can readily be provided by BPA technical staff using BPA revenue metered data when applicable.
C14: M&V
C15: The energy savings are based on engineering calculations using the best and most recent measured load information. There is no need to measure pre and post. There is no adjustment for load growth, savings are based on current operational data. Verification that the project was implemented as described is to be documented by the utility performing the work on their system.
C16: Project Cost Documentation
... C20: BPA Technical Support: Tony Koch, 206.220.6777, jakoch@bpa.gov

Sheet Summary
B1: Re-conductor & Transformer Calculator
AD2: Legend
B3: Utility Name: | AD3: To be filled in by the user
B4: Project Name or ID: | AD4: Automatically calculated
B5: Federal Facility? | AD5: Notes or Instructions
B6: Unique Site ID:
B7: Main Contact Name: | AD7: Calculator Version: | AI7: ='BPA Approval Status'!F1 -> 1.11 | AK7: Released on: | AO7: ='BPA Approval Status'!L1 -> 44652
B8: Main Contact Job Title:
B9: Main Contact Email: | AD9: Tech Approval Status: | AK9: ='BPA Approval Status'!I3 -> Not Yet Reviewed
B10: Main Contact Phone: | AD10: Compliance Approval Status: | AK10: ='BPA Approval Status'!I4 -> Not Yet Reviewed
B11: Average electric rate per kWh: | AD11: B/C Qualification: | AK11: =IF(V38<800001,"N/A",IF(K40="","More Info Needed",IF(AND(V38>800000,K40<0.5), "Minimum B/C Not Met", "Minimum B/C Met"))) -> N/A
B12: Type of Measures to be Submitted: | P12: --Select--
B13: Project Start:
B14: M&V Completion Date:
B15: File Completed Date:
B16: Data entry by:
B17: Data entry date:
B18: What % EEI? | M18: 1 | Q18: =IF(M18="","Please Enter a % EEI Value",IF(OR(M18>1,M18<0),"Value cannot be greater than 100% or less than 0%",IF((M18+M19)<>1,"EEI & Self Funding % must equal 100%","")))
B19: What % Self Funded? | M19: =IF(M18="","",1-M18) -> 0
B21: How many re-conductor measures are you submitting? | P21: 1 | S21: =IF(P21="--Select--","<---","") | U21: =IF(P21="--Select--","Select measure quantity to uncover workbook tabs","Please fill out the following sheets:") -> Please fill out the following sheets: | AD21: RC1 | AF21: RC2 | AH21: RC3 | AJ21: RC4 | AL21: RC5 | AN21: RC6
B23: How many transformer measures are you submitting? | P23: 1 | S23: =IF(P23="--Select--","<---","") | U23: =IF(P23="--Select--","Select measure quantity to uncover workbook tabs","Please fill out the following sheets:") -> Please fill out the following sheets: | AD23: TF1 | AF23: TF2 | AH23: TF3 | AJ23: TF4 | AL23: TF5 | AN23: TF6
B25: Tab | E25: Measure | P25: Total Site Savings kWh | V25: Total Busbar Saving kWh | AB25: Project Cost | AH25: Total Incentive Available | AN25: Requested EEI | AT25: Requested Self Funded | BA25: EEI | BB25: SF
B26: RC1 | E26: =IF(ISBLANK('RC1'!$H$4),"Re-Conductor 1",'RC1'!$H$4) -> Re-Conductor 1 | P26: =IF(OR($P$21="--Select--",$P$12="--Select--",$P$12="Transformer Only"),"",IF(OR('RC1'!R57=0,'RC1'!R57=""),"",'RC1'!R57)) | V26: =IF(OR($P$21="--Select--",$P$12="--Select--",$P$12="Transformer Only"),"",IF(OR('RC1'!R58=0,'RC1'!R58=""),"",'RC1'!R58)) | AB26: =IF(OR($P$21="--Select--",$P$12="--Select--",$P$12="Transformer Only"),"",IF(OR('RC1'!$R$60=0,'RC1'!$R$60=""),"",'RC1'!$R$60)) | AH26: =IF(OR($P$21="--Select--",$P$12="--Select--",$P$12="Transformer Only"),"",IF(OR('RC1'!R73=0,'RC1'!R73=""),"",'RC1'!R73)) | AN26: =IF(OR($P$21="--Select--",$P$12="--Select--",$P$12="Transformer Only"),"",IF(OR($M$18=0,M18="",AH26=0,AH26=""),"",$M$18*AH26)) | AT26: =IF(OR($P$21="--Select--",$P$12="--Select--",$P$12="Transformer Only"),"",IF(OR($M$19=0,$M$19="",AH26=0,AH26=""),"",$M$19*AH26)) | BA26: =AN26/$AH26 -> #VALUE! | BB26: =AT26/$AH26 -> #VALUE!
B27: RC2 | E27: =IF(ISBLANK('RC2'!$H$4),"Re-Conductor 2",'RC2'!$H$4) -> Re-Conductor 2 | P27: =IF(OR($P$21="--Select--",$P$21<2,$P$12="--Select--",$P$12="Transformer Only"),"",IF(OR('RC2'!R57=0,'RC2'!R57=""),"",'RC2'!R57)) | V27: =IF(OR($P$21="--Select--",$P$21<2,$P$12="--Select--",$P$12="Transformer Only"),"",IF(OR('RC2'!R58=0,'RC2'!R58=""),"",'RC2'!R58)) | AB27: =IF(OR($P$21="--Select--",$P$21<2,$P$12="--Select--",$P$12="Transformer Only"),"",IF(OR('RC2'!$R$60=0,'RC2'!$R$60=""),"",'RC2'!$R$60)) | AH27: =IF(OR($P$21="--Select--",$P$21<2,$P$12="--Select--",$P$12="Transformer Only"),"",IF(OR('RC2'!R73=0,'RC2'!R73=""),"",'RC2'!R73)) | AN27: =IF(OR($P$21="--Select--",$P$12="--Select--",$P$12="Transformer Only"),"",IF(OR($M$18=0,$M$18="",AH27=0,AH27=""),"",$M$18*AH27)) | AT27: =IF(OR($P$21="--Select--",$P$12="--Select--",$P$12="Transformer Only"),"",IF(OR($M$19=0,$M$19="",AH27=0,AH27=""),"",$M$19*AH27)) | BA27: =AN27/$AH27 -> #VALUE! | BB27: =AT27/$AH27 -> #VALUE!
B28: RC3 | E28: =IF(ISBLANK('RC3'!$H$4),"Re-Conductor 3",'RC3'!$H$4) -> Re-Conductor 3 | P28: =IF(OR($P$21="--Select--",$P$21<3,$P$12="--Select--",$P$12="Transformer Only"),"",IF(OR('RC3'!$R$57=0,'RC3'!$R$57=""),"",'RC3'!$R$57)) | V28: =IF(OR($P$21="--Select--",$P$21<3,$P$12="--Select--",$P$12="Transformer Only"),"",IF(OR('RC3'!R58=0,'RC3'!R58=""),"",'RC3'!R58)) | AB28: =IF(OR($P$21="--Select--",$P$21<3,$P$12="--Select--",$P$12="Transformer Only"),"",IF(OR('RC3'!$R$60=0,'RC3'!$R$60=""),"",'RC3'!$R$60)) | AH28: =IF(OR($P$21="--Select--",$P$21<3,$P$12="--Select--",$P$12="Transformer Only"),"",IF(OR('RC3'!R73=0,'RC3'!R73=""),"",'RC3'!R73)) | AN28: =IF(OR($P$21="--Select--",$P$12="--Select--",$P$12="Transformer Only"),"",IF(OR($M$18=0,$M$18="",AH28=0,AH28=""),"",$M$18*AH28)) | AT28: =IF(OR($P$21="--Select--",$P$12="--Select--",$P$12="Transformer Only"),"",IF(OR($M$19=0,$M$19="",AH28=0,AH28=""),"",$M$19*AH28)) | BA28: =AN28/$AH28 -> #VALUE! | BB28: =AT28/$AH28 -> #VALUE!
B29: RC4 | E29: =IF(ISBLANK('RC4'!$H$4),"Re-Conductor 4",'RC4'!$H$4) -> Re-Conductor 4 | P29: =IF(OR($P$21="--Select--",$P$21<4,$P$12="--Select--",$P$12="Transformer Only"),"",IF(OR('RC4'!$R$57=0,'RC4'!$R$57=""),"",'RC4'!$R$57)) | V29: =IF(OR($P$21="--Select--",$P$21<4,$P$12="--Select--",$P$12="Transformer Only"),"",IF(OR('RC4'!R58=0,'RC4'!R58=""),"",'RC4'!R58)) | AB29: =IF(OR($P$21="--Select--",$P$21<4,$P$12="--Select--",$P$12="Transformer Only"),"",IF(OR('RC4'!$R$60=0,'RC4'!$R$60=""),"",'RC4'!$R$60)) | AH29: =IF(OR($P$21="--Select--",$P$21<4,$P$12="--Select--",$P$12="Transformer Only"),"",IF(OR('RC4'!R73=0,'RC4'!R73=""),"",'RC4'!R73)) | AN29: =IF(OR($P$21="--Select--",$P$12="--Select--",$P$12="Transformer Only"),"",IF(OR($M$18=0,$M$18="",AH29=0,AH29=""),"",$M$18*AH29)) | AT29: =IF(OR($P$21="--Select--",$P$12="--Select--",$P$12="Transformer Only"),"",IF(OR($M$19=0,$M$19="",AH29=0,AH29=""),"",$M$19*AH29)) | BA29: =AN29/$AH29 -> #VALUE! | BB29: =AT29/$AH29 -> #VALUE!
B30: RC5 | E30: =IF(ISBLANK('RC5'!$H$4),"Re-Conductor 5",'RC5'!$H$4) -> Re-Conductor 5 | P30: =IF(OR($P$21="--Select--",$P$21<5,$P$12="--Select--",$P$12="Transformer Only"),"",IF(OR('RC5'!$R$57=0,'RC5'!$R$57=""),"",'RC5'!$R$57)) | V30: =IF(OR($P$21="--Select--",$P$21<5,$P$12="--Select--",$P$12="Transformer Only"),"",IF(OR('RC5'!R58=0,'RC5'!R58=""),"",'RC5'!R58)) | AB30: =IF(OR($P$21="--Select--",$P$21<5,$P$12="--Select--",$P$12="Transformer Only"),"",IF(OR('RC5'!$R$60=0,'RC5'!$R$60=""),"",'RC5'!$R$60)) | AH30: =IF(OR($P$21="--Select--",$P$21<5,$P$12="--Select--",$P$12="Transformer Only"),"",IF(OR('RC5'!R73=0,'RC5'!R73=""),"",'RC5'!R73)) | AN30: =IF(OR($P$21="--Select--",$P$12="--Select--",$P$12="Transformer Only"),"",IF(OR($M$18=0,$M$18="",AH30=0,AH30=""),"",$M$18*AH30)) | AT30: =IF(OR($P$21="--Select--",$P$12="--Select--",$P$12="Transformer Only"),"",IF(OR($M$19=0,$M$19="",AH30=0,AH30=""),"",$M$19*AH30)) | BA30: =AN30/$AH30 -> #VALUE! | BB30: =AT30/$AH30 -> #VALUE!
B31: RC6 | E31: =IF(ISBLANK('RC6'!$H$4),"Re-Conductor 6",'RC6'!$H$4) -> Re-Conductor 6 | P31: =IF(OR($P$21="--Select--",$P$21<6,$P$12="--Select--",$P$12="Transformer Only"),"",IF(OR('RC6'!$R$57=0,'RC6'!$R$57=""),"",'RC6'!$R$57)) | V31: =IF(OR($P$21="--Select--",$P$21<6,$P$12="--Select--",$P$12="Transformer Only"),"",IF(OR('RC6'!R58=0,'RC6'!R58=""),"",'RC6'!R58)) | AB31: =IF(OR($P$21="--Select--",$P$21<6,$P$12="--Select--",$P$12="Transformer Only"),"",IF(OR('RC6'!$R$60=0,'RC6'!$R$60=""),"",'RC6'!$R$60)) | AH31: =IF(OR($P$21="--Select--",$P$21<6,$P$12="--Select--",$P$12="Transformer Only"),"",IF(OR('RC6'!R73=0,'RC6'!R73=""),"",'RC6'!R73)) | AN31: =IF(OR($P$21="--Select--",$P$12="--Select--",$P$12="Transformer Only"),"",IF(OR($M$18=0,$M$18="",AH31=0,AH31=""),"",$M$18*AH31)) | AT31: =IF(OR($P$21="--Select--",$P$12="--Select--",$P$12="Transformer Only"),"",IF(OR($M$19=0,$M$19="",AH31=0,AH31=""),"",$M$19*AH31)) | BA31: =AN31/$AH31 -> #VALUE! | BB31: =AT31/$AH31 -> #VALUE!
B32: TF1 | E32: =IF(ISBLANK('TF1'!$H$4),"Transformer 1",'TF1'!$H$4) -> Transformer 1 | P32: =IF(OR($P$23="--Select--",$P$12="--Select--",$P$12="Re-Conductor Only"),"",IF(OR('TF1'!$S$36="",'TF1'!$S$36=0),"",'TF1'!$S$36)) | V32: =IF(OR($P$23="--Select--",$P$12="--Select--",$P$12="Re-Conductor Only"),"",IF(OR('TF1'!$S$37="",'TF1'!$S$37=0),"",'TF1'!$S$37)) | AB32: =IF(OR($P$23="--Select--",$P$12="--Select--",$P$12="Re-Conductor Only"),"",IF(OR('TF1'!$S$40="",'TF1'!$S$40=0),"",'TF1'!$S$40)) | AH32: =IF(OR($P$23="--Select--",$P$12="--Select--",$P$12="Re-Conductor Only"),"",IF(OR('TF1'!$S$54="",'TF1'!$S$54=0),"",'TF1'!$S$54)) | AN32: =IF(OR($P$23="--Select--",$P$12="--Select--",$P$12="Re-Conductor Only"),"",IF(OR($M$18=0,$M$18="",AH32=0,AH32=""),"",$M$18*AH32)) | AT32: =IF(OR($P$23="--Select--",$P$12="--Select--",$P$12="Re-Conductor Only"),"",IF(OR($M$19=0,$M$19="",AH32=0,AH32=""),"",$M$19*AH32)) | BA32: =AN32/$AH32 -> #VALUE! | BB32: =AT32/$AH32 -> #VALUE!
B33: TF2 | E33: =IF(ISBLANK('TF2'!$H$4),"Transformer 2",'TF2'!$H$4) -> Transformer 2 | P33: =IF(OR($P$23="--Select--",$P$23<2,$P$12="--Select--",$P$12="Re-Conductor Only"),"",IF(OR('TF2'!$S$36=0,'TF2'!$S$36=""),"",'TF2'!$S$36)) | V33: =IF(OR($P$23="--Select--",$P$23<2,$P$12="--Select--",$P$12="Re-Conductor Only"),"",IF(OR('TF2'!$S$37=0,'TF2'!$S$37=""),"",'TF2'!$S$37)) | AB33: =IF(OR($P$23="--Select--",$P$23<2,$P$12="--Select--",$P$12="Re-Conductor Only"),"",IF(OR('TF2'!$S$40=0,'TF2'!$S$40=""),"",'TF2'!$S$40)) | AH33: =IF(OR($P$23="--Select--",$P$23<2,$P$12="--Select--",$P$12="Re-Conductor Only"),"",IF(OR('TF2'!$S$54=0,'TF2'!$S$54=""),"",'TF2'!$S$54)) | AN33: =IF(OR($P$23="--Select--",$P$12="--Select--",$P$12="Re-Conductor Only"),"",IF(OR($M$18=0,$M$18="",AH33=0,AH33=""),"",$M$18*AH33)) | AT33: =IF(OR($P$23="--Select--",$P$12="--Select--",$P$12="Re-Conductor Only"),"",IF(OR($M$19=0,$M$19="",AH33=0,AH33=""),"",$M$19*AH33)) | BA33: =AN33/$AH33 -> #VALUE! | BB33: =AT33/$AH33 -> #VALUE!
B34: TF3 | E34: =IF(ISBLANK('TF3'!$H$4),"Transformer 3",'TF3'!$H$4) -> Transformer 3 | P34: =IF(OR($P$23="--Select--",$P$23<3,$P$12="--Select--",$P$12="Re-Conductor Only"),"",IF(OR('TF3'!$S$36=0,'TF3'!$S$36=""),"",'TF3'!$S$36)) | V34: =IF(OR($P$23="--Select--",$P$23<3,$P$12="--Select--",$P$12="Re-Conductor Only"),"",IF(OR('TF3'!$S$37=0,'TF3'!$S$37=""),"",'TF3'!$S$37)) | AB34: =IF(OR($P$23="--Select--",$P$23<3,$P$12="--Select--",$P$12="Re-Conductor Only"),"",IF(OR('TF3'!$S$40=0,'TF3'!$S$40=""),"",'TF3'!$S$40)) | AH34: =IF(OR($P$23="--Select--",$P$23<3,$P$12="--Select--",$P$12="Re-Conductor Only"),"",IF(OR('TF3'!$S$54=0,'TF3'!$S$54=""),"",'TF3'!$S$54)) | AN34: =IF(OR($P$23="--Select--",$P$12="--Select--",$P$12="Re-Conductor Only"),"",IF(OR($M$18=0,$M$18="",AH34=0,AH34=""),"",$M$18*AH34)) | AT34: =IF(OR($P$23="--Select--",$P$12="--Select--",$P$12="Re-Conductor Only"),"",IF(OR($M$19=0,$M$19="",AH34=0,AH34=""),"",$M$19*AH34)) | BA34: =AN34/$AH34 -> #VALUE! | BB34: =AT34/$AH34 -> #VALUE!
B35: TF4 | E35: =IF(ISBLANK('TF4'!$H$4),"Transformer 4",'TF4'!$H$4) -> Transformer 4 | P35: =IF(OR($P$23="--Select--",$P$23<4,$P$12="--Select--",$P$12="Re-Conductor Only"),"",IF(OR('TF4'!$S$36=0,'TF4'!$S$36=""),"",'TF4'!$S$36)) | V35: =IF(OR($P$23="--Select--",$P$23<4,$P$12="--Select--",$P$12="Re-Conductor Only"),"",IF(OR('TF4'!$S$37=0,'TF4'!$S$37=""),"",'TF4'!$S$37)) | AB35: =IF(OR($P$23="--Select--",$P$23<4,$P$12="--Select--",$P$12="Re-Conductor Only"),"",IF(OR('TF4'!$S$40=0,'TF4'!$S$40=""),"",'TF4'!$S$40)) | AH35: =IF(OR($P$23="--Select--",$P$23<4,$P$12="--Select--",$P$12="Re-Conductor Only"),"",IF(OR('TF4'!$S$54=0,'TF4'!$S$54=""),"",'TF4'!$S$54)) | AN35: =IF(OR($P$23="--Select--",$P$12="--Select--",$P$12="Re-Conductor Only"),"",IF(OR($M$18=0,$M$18="",AH35=0,AH35=""),"",$M$18*AH35)) | AT35: =IF(OR($P$23="--Select--",$P$12="--Select--",$P$12="Re-Conductor Only"),"",IF(OR($M$19=0,$M$19="",AH35=0,AH35=""),"",$M$19*AH35)) | BA35: =AN35/$AH35 -> #VALUE! | BB35: =AT35/$AH35 -> #VALUE!
B36: TF5 | E36: =IF(ISBLANK('TF5'!$H$4),"Transformer 5",'TF5'!$H$4) -> Transformer 5 | P36: =IF(OR($P$23="--Select--",$P$23<5,$P$12="--Select--",$P$12="Re-Conductor Only"),"",IF(OR('TF5'!$S$36=0,'TF5'!$S$36=""),"",'TF5'!$S$36)) | V36: =IF(OR($P$23="--Select--",$P$23<5,$P$12="--Select--",$P$12="Re-Conductor Only"),"",IF(OR('TF5'!$S$37=0,'TF5'!$S$37=""),"",'TF5'!$S$37)) | AB36: =IF(OR($P$23="--Select--",$P$23<5,$P$12="--Select--",$P$12="Re-Conductor Only"),"",IF(OR('TF5'!$S$40=0,'TF5'!$S$40=""),"",'TF5'!$S$40)) | AH36: =IF(OR($P$23="--Select--",$P$23<5,$P$12="--Select--",$P$12="Re-Conductor Only"),"",IF(OR('TF5'!$S$54=0,'TF5'!$S$54=""),"",'TF5'!$S$54)) | AN36: =IF(OR($P$23="--Select--",$P$12="--Select--",$P$12="Re-Conductor Only"),"",IF(OR($M$18=0,$M$18="",AH36=0,AH36=""),"",$M$18*AH36)) | AT36: =IF(OR($P$23="--Select--",$P$12="--Select--",$P$12="Re-Conductor Only"),"",IF(OR($M$19=0,$M$19="",AH36=0,AH36=""),"",$M$19*AH36)) | BA36: =AN36/$AH36 -> #VALUE! | BB36: =AT36/$AH36 -> #VALUE!
B37: TF6 | E37: =IF(ISBLANK('TF6'!$H$4),"Transformer 6",'TF6'!$H$4) -> Transformer 6 | P37: =IF(OR($P$23="--Select--",$P$23<6,$P$12="--Select--",$P$12="Re-Conductor Only"),"",IF(OR('TF6'!$S$36=0,'TF6'!$S$36=""),"",'TF6'!$S$36)) | V37: =IF(OR($P$23="--Select--",$P$23<6,$P$12="--Select--",$P$12="Re-Conductor Only"),"",IF(OR('TF6'!$S$37=0,'TF6'!$S$37=""),"",'TF6'!$S$37)) | AB37: =IF(OR($P$23="--Select--",$P$23<6,$P$12="--Select--",$P$12="Re-Conductor Only"),"",IF(OR('TF6'!$S$40=0,'TF6'!$S$40=""),"",'TF6'!$S$40)) | AH37: =IF(OR($P$23="--Select--",$P$23<6,$P$12="--Select--",$P$12="Re-Conductor Only"),"",IF(OR('TF6'!$S$54=0,'TF6'!$S$54=""),"",'TF6'!$S$54)) | AN37: =IF(OR($P$23="--Select--",$P$12="--Select--",$P$12="Re-Conductor Only"),"",IF(OR($M$18=0,$M$18="",AH37=0,AH37=""),"",$M$18*AH37)) | AT37: =IF(OR($P$23="--Select--",$P$12="--Select--",$P$12="Re-Conductor Only"),"",IF(OR($M$19=0,$M$19="",AH37=0,AH37=""),"",$M$19*AH37)) | BA37: =AN37/$AH37 -> #VALUE! | BB37: =AT37/$AH37 -> #VALUE!
E38: Total | P38: =SUM(P26:U37) -> 0 | V38: =SUM(V26:AA37) -> 0 | AB38: =SUM(AB26:AG37) -> 0 | AH38: =SUM(AH26:AM37) -> 0 | AN38: =SUM(AN26:AS37) -> 0 | AT38: =SUM(AT26:AY37) -> 0 | BA38: =AN38/$AH38 -> #DIV/0! | BB38: =AT38/$AH38 -> #DIV/0!
E40: Project BC Ratio: | K40: =IFERROR(SUM(SUM(V26:AA31)*Lists!AB7,SUM(Lists!AH13:AH18))/Summary!AB38,"")
B42: BPA Technical Support: Tony Koch, 206.220.6777, jakoch@bpa.gov
E44: BPA USE ONLY
E45: BPA-Assigned Project ID:
B46: ERROR CHECK:
B47: =IF(OR('RC1'!$W$12="Yes",'RC2'!$W$12="Yes",'RC3'!$W$12="Yes",'RC4'!$W$12="Yes",'RC5'!$W$12="Yes",'RC6'!$W$12="Yes"),"For shifting load (See error in:"&IF('RC1'!$W$12="Yes"," RC1","")&IF('RC2'!$W$12="Yes"," RC2","")&IF('RC3'!$W$12="Yes"," RC3","")&IF('RC4'!$W$12="Yes"," RC4","")&IF('RC5'!$W$12="Yes"," RC5","")&IF('RC6'!$W$12="Yes"," RC6","")&"), please consult with BPA Technical Staff for assistance", "")
B48: =IF(OR('RC1'!$B$31<>"",'RC2'!$B$31<>"",'RC3'!$B$31<>"",'RC4'!$B$31<>"",'RC5'!$B$31<>"",'RC6'!$B$31<>"",),"Phase plus neutral conductors must add to 2 or more (See error in:"&IF('RC1'!$B$31="",""," RC1")&IF('RC2'!$B$31="",""," RC2")&IF('RC3'!$B$31="",""," RC3")&IF('RC4'!$B$31="",""," RC4")&IF('RC5'!$B$31="",""," RC5")&IF('RC6'!$B$31="",""," RC6")&")","")
B49: =IF(OR('RC1'!$R$53<>"",'RC2'!$R$53<>"",'RC3'!$R$53<>"",'RC4'!$R$53<>"",'RC5'!$R$53<>"",'RC6'!$R$53<>"",),"Please check manual current entry on tab(s):"&IF('RC1'!$R$53="",""," RC1")&IF('RC2'!$R$53="",""," RC2")&IF('RC3'!$R$53="",""," RC3")&IF('RC4'!$R$53="",""," RC4")&IF('RC5'!$R$53="",""," RC5")&IF('RC6'!$R$53="",""," RC6")&"","")

Sheet Material R
A1: Copper | D1: Aluminum | G1: ACSR
A2: Circular Mills or AWG | B2: ra 25 C @ 60 Hz | D2: Size of Conductor | Circular Mills or AWG | E2: ra 25 C @ 60 Hz | G2: Cicular Mils or AWG Aluminum | H2: ra 25 C @ 60 Hz
A3: --Select-- | D3: --Select-- | G3: --Select--
A4: 1000 kCMIL | B4: 0.0634 | D4: 1590 kCMIL | E4: 0.0636 | G4: 1590 kCMIL | H4: 0.0591
A5: 900 kCMIL | B5: 0.0695 | D5: 1510.5 kCMIL | E5: 0.0665 | G5: 1510.5 kCMIL | H5: 0.0622
A6: 800 kCMIL | B6: 0.0772 | D6: 1431 kCMIL | E6: 0.0697 | G6: 1431 kCMIL | H6: 0.0656
A7: 750 kCMIL | B7: 0.0818 | D7: 1351.5 kCMIL | E7: 0.0733 | G7: 1351 kCMIL | H7: 0.0695
A8: 700 kCMIL | B8: 0.0871 | D8: 1272 kCMIL | E8: 0.0774 | G8: 1272 kCMIL | H8: 0.0738
A9: 600 kCMIL | B9: 0.1006 | D9: 1192.5 KCMIL | E9: 0.0821 | G9: 1192.5 kCMIL | H9: 0.0788
A10: 500 kCMIL | B10: 0.1196 | D10: 1113. kCMIL | E10: 0.0874 | G10: 1113 kCMIL | H10: 0.0844
A11: 450 kCMIL | B11: 0.1323 | D11: 1033.5 kCMIL | E11: 0.0936 | G11: 1033.5 kCMIL | H11: 0.0909
A12: 400 kCMIL | B12: 0.1484 | D12: 1000 kCMIL | E12: 0.0966 | G12: 954 kCMIL | H12: 0.0982
A13: 350 kCMIL | B13: 0.169 | D13: 954 kCMIL | E13: 0.1 | G13: 900 kCMIL | H13: 0.104
A14: 300 kCMIL | B14: 0.1966 | D14: 874.5 kCMIL | E14: 0.11 | G14: 874.5 kCMIL | H14: 0.108
A15: 250 kCMIL | B15: 0.235 | D15: 795 kCMIL | E15: 0.12 | G15: 795 kCMIL | H15: 0.117
... A19: 1/0 AWG | B19: 0.555 | D19: 556.5 kCMIL | E19: 0.17 | G19: 605 kCMIL | H19: 0.154
A20: 1 | B20: 0.699 | D20: 500 kCMIL | E20: 0.189 | G20: 556.5 kCMIL | H20: 0.168
A21: 2 | B21: 0.882 | D21: 477 kCMIL | E21: 0.198 | G21: 500 kCMIL | H21: 0.187
A22: 3 | B22: 1.112 | D22: 397.5 kCMIL | E22: 0.236 | G22: 477 kCMIL | H22: 0.196
A23: 3 | B23: 1.09 | D23: 350 kCMIL | E23: 0.268 | G23: 397.5 kCMIL | H23: 0.235
A24: 4 | B24: 1.374 | D24: 336.4 kCMIL | E24: 0.279 | G24: 336.4 kCMIL | H24: 0.278
A25: 5 | B25: 1.733 | D25: 300 kCMIL | E25: 0.312 | G25: 300 kCMIL | H25: 0.311
A26: 6 | B26: 2.18 | D26: 266.8 kCMIL | E26: 0.351 | G26: 266.8 kCMIL | H26: 0.352
A27: 7 | B27: 2.75 | D27: 250 kCMIL | E27: 0.375 | G27: 4/0 AWG | H27: 0.445
A28: 8 | B28: 3.47 | D28: 4/0 AWG | E28: 0.442 | G28: 3/0 AWG | H28: 0.56
D29: 3/0 AWG | E29: 0.558 | G29: 2/0 AWG | H29: 0.706
D30: 2/0 AWG | E30: 0.702 | G30: 1/0 AWG | H30: 0.888
D31: 1/0 AWG | E31: 0.885 | G31: 1 | H31: 1.12
D32: 1 | E32: 1.12 | G32: 2 | H32: 1.41
D33: 2 | E33: 1.41 | G33: 3 | H33: 1.78
D34: 3 | E34: 1.77 | G34: 4 | H34: 2.24
D35: 4 | E35: 2.24 | G35: 5 | H35: 2.82
D36: 6 | E36: 3.56 | G36: 6 | H36: 3.56

Sheet RC1
B1: Re-Conductoring Tab 1
AB2: Legend
AB3: To be filled in by the user
B4: Measure Name | AB4: Automatically calculated
B5: Project Start
B6: M&V Completion Date
B7: Data entry by
B8: Data entry date
C9: Measure Ref # | G9: UUDCN85002 | K9: Conductors - Service Conductor Replacement
B10: Incentive Rate ($/kWh) | J10: =IF(ISBLANK($H$5),"",OFFSET(Lists!$AI$1,MATCH('RC1'!$G$9,Lists!$AA$2:$AA$4,FALSE),MATCH('RC1'!$H$5,Lists!$AJ$1:$BA$1,1)))
B12: Are you shifting load IN or OUT of the subject feeder? | W12: No
B13: =IF($W$12="Yes","**Before continuing, please consult with BPA Technical Staff for assistance**","")
R14: Existing System | W14: Proposed System
B15: Energy Savings Analysis
B16: Length of re-conductor section (in miles)
B17: Annual Peak Power at the START of section (kW) | W17: =R17 -> 0
B18: Power Factor at Peak (%) | W18: =R18 -> 0
B19: Annual Apparent Peak Power at the START of section (kVA) | R19: =IFERROR($R$17/$R$18,"") | W19: =R19 | AB19: Note: You may manually enter kVA values but by manually entering kVA you may not be able to revert to calculated value
B20: Annual Peak Power at the END of section (kW) | W20: =R20 -> 0
B21: Annual Apparent Peak Power at the END of section (kVA) | R21: =IFERROR($R$20/$R$18,"") | W21: =R21
B23: Annual Load Factor ( kWavg / kWannual peak, as a %) | W23: =R23 -> 0 | AB23: Note: If feeder specific data is not available, you can use the load factor of the source substation. LF = (Average Annual kW / Annual Hourly Peak kW) = [(Annual Energy in kWh / 8760 hours) / Annual Hourly Peak kW]
B24: Annual Loss Factor (.85*LF^2+.15*LF) | R24: =IFERROR(0.85*$R$23^2+0.15*$R$23,"") -> 0 | W24: =IFERROR(0.85*$W$23^2+0.15*$W$23,"") -> 0
B25: Distribution Factor | Q25: =IFERROR(R21/R19,"") | R25: =IFERROR(INDEX('Distribution Factor'!$B$3:$B$53,MATCH($Q$25,'Distribution Factor'!$A$3:$A$53,-1)),"") | V25: =IFERROR(W21/W19,"") | W25: =IFERROR(INDEX('Distribution Factor'!$B$3:$B$53,MATCH($V$25,'Distribution Factor'!$A$3:$A$53,-1)),"")
B27: Line to ground Voltage (kV)
B29: Number of Phase conductors | R29: --Select-- | W29: --Select--
B30: Number of Neutral conductors | R30: --Select-- | W30: --Select--
B31: =IFERROR(IF(OR($R$29+$R$30<2,$W$29+$W$30<2),"**Phase plus neutral conductors must add to 2 or more**",""),"")
B32: Phase conductor material | R32: --Select-- | W32: --Select--
B33: Phase conductor size | R33: --Select-- | W33: --Select--
B34: Ohm per mile | R34: =IFERROR(VLOOKUP($R$33,INDIRECT($R$32&"T"),2,),"") | W34: =IFERROR(VLOOKUP($W$33,INDIRECT($W$32&"T"),2,),"")
B36: Neutral conductor material | R36: --Select-- | W36: --Select--
B37: Neutral conductor size | R37: --Select-- | W37: --Select--
B38: Ohm per mile | R38: =IFERROR(VLOOKUP($R$37,INDIRECT($R$36&"T"),2,),"") | W38: =IFERROR(VLOOKUP($W$37,INDIRECT($W$36&"T"),2,),"")
B40: Phase Conductor Resistance (Ohm) | R40: =IFERROR(VLOOKUP($R$33,INDIRECT($R$32&"T"),2,)*$W$16,"") | W40: =IFERROR(VLOOKUP($W$33,INDIRECT($W$32&"T"),2,)*$W$16,"")
B41: Neutral Conductor Resistance (Ohm) | R41: =IFERROR(VLOOKUP($R$37,INDIRECT($R$36&"T"),2,)*$W$16,0) -> 0 | W41: =IFERROR(VLOOKUP($W$37,INDIRECT($W$36&"T"),2,)*$W$16,0) -> 0
B43: Are you entering current values manually? | R43: No | AB43: Note: If you choose to enter Manual Current, you may manually enter Proposed and Neutral Current but you may not be able to revert to calculated value.
J45: Manual - Existing | N45: Manual - Proposed
B47: Phase A Current (Amps) | N47: =IF(J47="",0,J47) -> 0 | R47: =IFERROR(IF($R$43="No",$R$19/($R$29*$R$27),""),"") | W47: =IFERROR(IF($R$43="No",$W$19/($W$29*$W$27),""),"")
B48: Phase B Current (Amps) | N48: =J48 -> 0 | R48: =IFERROR(IF(AND($R$29>=2,$R$43="No"), $R$19/($R$29*$R$27), 0),"") | W48: =IFERROR(IF(AND($W$29>=2,$R$43="No"), $W$19/($W$29*$W$27), 0),"")
B49: Phase C Current (Amps) | N49: =J49 -> 0 | R49: =IFERROR(IF(AND($R$29>=3,$R$43="No"), $R$19/($R$29*$R$27), 0),"") | W49: =IFERROR(IF(AND($W$29>=3,$R$43="No"), $W$19/($W$29*$W$27), 0),"")
B50: Neutral Current (Amps) | J50: =IFERROR(IF(OR(R30=0,R30="--Select--"),0,IF(AND(R29=1,R30=1),J47,IF(MAX($J$47:$L$49)/MIN(J47:L49)>1.15, SQRT($J$47^2+$J$48^2+$J$49^2-$J$47*$J$48-$J$48*$J$49-$J$49*$J$47),$J$47*0.15))),"") -> 0 | N50: =IFERROR(IF(OR(W30=0,W30="--Select--"),0,IF(AND(W29=1,W30=1),N47,IF(MAX($N$47:$P$49)/MIN(N47:P49)>1.15, SQRT($N$47^2+$N$48^2+$N$49^2-$N$47*$N$48-$N$48*$N$49-$N$49*$N$47),$N$47*0.15))),"") -> 0 | R50: =IFERROR(IF(OR(R30=0,R30="--Select--",R43="Yes"),0,IF(AND(R29=1,R30=1),R47,0.15*$R$47)),"") -> 0 | W50: =IFERROR(IF(OR(W30=0,W30="--Select--",R43="Yes"),0,IF(AND(W29=1,W30=1),W47,0.15*$W$47)),"") -> 0
B51: Sum I^2R (peak loss W) | J51: =IFERROR((J47*R25)^2*R40+(J48*R25)^2*R40+(J49*R25)^2*R40+(J50*R25)^2*R41,"") | N51: =IFERROR((N47*W25)^2*W40+(N48*W25)^2*W40+(N49*W25)^2*W40+(N50*W25)^2*W41,"") | R51: =IFERROR((R47*R25)^2*R40+(R48*R25)^2*R40+(R49*R25)^2*R40+(R50*R25)^2*R41,"") | W51: =IFERROR(IF(ISBLANK(W47), "",(W47*W25)^2*W40+(W48*W25)^2*W40+(W49*W25)^2*W40+(W50*W25)^2*W41),"")
AD52: amps | AF52: amps | AH52: sum check
J53: =IFERROR(IF(ABS((J47*R27+J48*R27+J49*R27)-R19)/R19>0.1,"ERROR",""),"") | N53: =IFERROR(IF(ABS((N47*R27+N48*R27+N49*R27)-R19)/R19>0.1,"ERROR",""),"") | R53: =IF($R$43="Yes",IF(OR(J53="ERROR",N53="ERROR"),"*Currents do not equal kVA value*",IF(AH53=FALSE,"*Current sums do not match*","")),"") | AD53: =SUM(J47:L49) -> 0 | AF53: =SUM(N47:P49) -> 0 | AH53: =AD53=AF53 -> TRUE
B55: Annual Energy Losses (kWh/year) | R55: =IFERROR(IF(R43="No",$R$24*8760*$R$51/1000,$R$24*8760*$J$51/1000),"") | W55: =IFERROR(IF(R43="No",$W$24*8760*$W$51/1000, $W$24*8760*$N$51/1000),"")
B57: Total Annual Site Energy Savings (kWh/year) | R57: =IFERROR($R$55-$W$55,"") | AB57: BUSBAR Factor
B58: Total Annual Busbar Energy Savings (kWh/year) | R58: =IFERROR($R$57*AB58,"") | AB58: 1.09056
B60: Total Project Cost ($)
B62: Up-Load file documenting Project Cost
B63: 1. Click on this cell ---------------------------------> | S63: For Additional Files, click on the cells to the right -----------> as needed and follow the same instructions
B64: 2. From the Menu Bar -> Click Insert
B65: 3. From Insert -> Click Object
B66: 4. Select: Create From File
B67: 5. Browse and select the file to be uploaded
B68: 6. Check: Display as Icon (Do not Check Link to File, if option)
B69: 7. Click on Change Icon
B70: 8. Type your choice of file name in the caption line, click OK
B71: 9. Hit OK
B72: NOTE: THERE IS A 7 MB TOTAL FILE SIZE LIMIT FOR SUBMITTAL
B73: Total Incentive Amount | R73: =IFERROR(IF(R58*J10<(0.7*$R$60),R58*J10,0.7*$R$60),"")
B74: EEI Incentive Amount | R74: =IFERROR(R73*Summary!$M$18,"")
B75: Self Funded Incentive Amount | R75: =IFERROR(R73*Summary!$M$19,"")
A77: BPA Technical Support: Tony Koch, 206.220.6777, jakoch@bpa.gov

Sheet RC2
B1: Re-Conductoring Tab 2
AB2: Legend
AB3: To be filled in by the user
B4: Measure Name | AB4: Automatically calculated
B5: Project Start
B6: M&V Completion Date
B7: Data entry by
B8: Data entry date
C9: Measure Ref # | G9: UUDCN85002 | K9: Conductors - Service Conductor Replacement
B10: Incentive Rate ($/kWh) | J10: =IF(ISBLANK($H$5),"",OFFSET(Lists!$AI$1,MATCH('RC2'!$G$9,Lists!$AA$2:$AA$4,FALSE),MATCH('RC2'!$H$5,Lists!$AJ$1:$BA$1,1)))
B12: Are you shifting load IN or OUT of the subject feeder? | W12: No
B13: =IF($W$12="Yes","**Before continuing, please consult with BPA Technical Staff for assistance**","")
R14: Existing System | W14: Proposed System
B15: Energy Savings Analysis
B16: Length of re-conductor section (in miles)
B17: Annual Peak Power at the START of section (kW) | W17: =R17 -> 0
B18: Power Factor at Peak (%) | W18: =R18 -> 0
B19: Annual Apparent Peak Power at the START of section (kVA) | R19: =IFERROR($R$17/$R$18,"") | W19: =R19 | AB19: Note: You may manually enter kVA values but by manually entering kVA you may not be able to revert to calculated value
B20: Annual Peak Power at the END of section (kW) | W20: =R20 -> 0
B21: Annual Apparent Peak Power at the END of section (kVA) | R21: =IFERROR($R$20/$R$18,"") | W21: =R21
B23: Annual Load Factor ( kWavg / kWannual peak, as a %) | W23: =R23 -> 0 | AB23: Note: If feeder specific data is not available, you can use the load factor of the source substation. LF = (Average Annual kW / Annual Hourly Peak kW) = [(Annual Energy in kWh / 8760 hours) / Annual Hourly Peak kW]
B24: Annual Loss Factor (.85*LF^2+.15*LF) | R24: =IFERROR(0.85*$R$23^2+0.15*$R$23,"") -> 0 | W24: =IFERROR(0.85*$W$23^2+0.15*$W$23,"") -> 0
B25: Distribution Factor | Q25: =IFERROR(R21/R19,"") | R25: =IFERROR(INDEX('Distribution Factor'!$B$3:$B$53,MATCH($Q$25,'Distribution Factor'!$A$3:$A$53,-1)),"") | V25: =IFERROR(W21/W19,"") | W25: =IFERROR(INDEX('Distribution Factor'!$B$3:$B$53,MATCH($V$25,'Distribution Factor'!$A$3:$A$53,-1)),"")
B27: Line to ground Voltage (kV)
B29: Number of Phase conductors | R29: --Select-- | W29: --Select--
B30: Number of Neutral conductors | R30: --Select-- | W30: --Select--
B31: =IFERROR(IF(OR($R$29+$R$30<2,$W$29+$W$30<2),"**Phase plus neutral conductors must add to 2 or more**",""),"")
B32: Phase conductor material | R32: --Select-- | W32: --Select--
B33: Phase conductor size | R33: --Select-- | W33: --Select--
B34: Ohm per mile | R34: =IFERROR(VLOOKUP($R$33,INDIRECT($R$32&"T"),2,),"") | W34: =IFERROR(VLOOKUP($W$33,INDIRECT($W$32&"T"),2,),"")
B36: Neutral conductor material | R36: --Select-- | W36: --Select--
B37: Neutral conductor size | R37: --Select-- | W37: --Select--
B38: Ohm per mile | R38: =IFERROR(VLOOKUP($R$37,INDIRECT($R$36&"T"),2,),"") | W38: =IFERROR(VLOOKUP($W$37,INDIRECT($W$36&"T"),2,),"")
B40: Phase Conductor Resistance (Ohm) | R40: =IFERROR(VLOOKUP($R$33,INDIRECT($R$32&"T"),2,)*$W$16,"") | W40: =IFERROR(VLOOKUP($W$33,INDIRECT($W$32&"T"),2,)*$W$16,"")
B41: Neutral Conductor Resistance (Ohm) | R41: =IFERROR(VLOOKUP($R$37,INDIRECT($R$36&"T"),2,)*$W$16,0) -> 0 | W41: =IFERROR(VLOOKUP($W$37,INDIRECT($W$36&"T"),2,)*$W$16,0) -> 0
B43: Are you entering current values manually? | R43: No | AB43: Note: If you choose to enter Manual Current, you may manually enter Proposed and Neutral Current but you may not be able to revert to calculated value.
J45: Manual - Existing | N45: Manual - Proposed
B47: Phase A Current (Amps) | N47: =IF(J47="",0,J47) -> 0 | R47: =IFERROR(IF($R$43="No",$R$19/($R$29*$R$27),""),"") | W47: =IFERROR(IF($R$43="No",$W$19/($W$29*$W$27),""),"")
B48: Phase B Current (Amps) | N48: =J48 -> 0 | R48: =IFERROR(IF(AND($R$29>=2,$R$43="No"), $R$19/($R$29*$R$27), 0),"") | W48: =IFERROR(IF(AND($W$29>=2,$R$43="No"), $W$19/($W$29*$W$27), 0),"")
B49: Phase C Current (Amps) | N49: =J49 -> 0 | R49: =IFERROR(IF(AND($R$29>=3,$R$43="No"), $R$19/($R$29*$R$27), 0),"") | W49: =IFERROR(IF(AND($W$29>=3,$R$43="No"), $W$19/($W$29*$W$27), 0),"")
B50: Neutral Current (Amps) | J50: =IFERROR(IF(OR(R30=0,R30="--Select--"),0,IF(AND(R29=1,R30=1),J47,IF(MAX($J$47:$L$49)/MIN(J47:L49)>1.15, SQRT($J$47^2+$J$48^2+$J$49^2-$J$47*$J$48-$J$48*$J$49-$J$49*$J$47),$J$47*0.15))),"") -> 0 | N50: =IFERROR(IF(OR(W30=0,W30="--Select--"),0,IF(AND(W29=1,W30=1),N47,IF(MAX($N$47:$P$49)/MIN(N47:P49)>1.15, SQRT($N$47^2+$N$48^2+$N$49^2-$N$47*$N$48-$N$48*$N$49-$N$49*$N$47),$N$47*0.15))),"") -> 0 | R50: =IFERROR(IF(OR(R30=0,R30="--Select--",R43="Yes"),0,IF(AND(R29=1,R30=1),R47,0.15*$R$47)),"") -> 0 | W50: =IFERROR(IF(OR(W30=0,W30="--Select--",R43="Yes"),0,IF(AND(W29=1,W30=1),W47,0.15*$W$47)),"") -> 0
B51: Sum I^2R (peak loss W) | J51: =IFERROR((J47*R25)^2*R40+(J48*R25)^2*R40+(J49*R25)^2*R40+(J50*R25)^2*R41,"") | N51: =IFERROR((N47*W25)^2*W40+(N48*W25)^2*W40+(N49*W25)^2*W40+(N50*W25)^2*W41,"") | R51: =IFERROR((R47*R25)^2*R40+(R48*R25)^2*R40+(R49*R25)^2*R40+(R50*R25)^2*R41,"") | W51: =IFERROR(IF(ISBLANK(W47), "",(W47*W25)^2*W40+(W48*W25)^2*W40+(W49*W25)^2*W40+(W50*W25)^2*W41),"")
AD52: amps | AF52: amps | AH52: sum check
J53: =IFERROR(IF(ABS((J47*R27+J48*R27+J49*R27)-R19)/R19>0.1,"ERROR",""),"") | N53: =IFERROR(IF(ABS((N47*R27+N48*R27+N49*R27)-R19)/R19>0.1,"ERROR",""),"") | R53: =IF($R$43="Yes",IF(OR(J53="ERROR",N53="ERROR"),"*Currents do not equal kVA value*",IF(AH53=FALSE,"*Current sums do not match*","")),"") | AD53: =SUM(J47:L49) -> 0 | AF53: =SUM(N47:P49) -> 0 | AH53: =AD53=AF53 -> TRUE
B55: Annual Energy Losses (kWh/year) | R55: =IFERROR(IF(R43="No",$R$24*8760*$R$51/1000,$R$24*8760*$J$51/1000),"") | W55: =IFERROR(IF(R43="No",$W$24*8760*$W$51/1000, $W$24*8760*$N$51/1000),"")
B57: Total Annual Site Energy Savings (kWh/year) | R57: =IFERROR($R$55-$W$55,"") | AB57: BUSBAR Factor
B58: Total Annual Busbar Energy Savings (kWh/year) | R58: =IFERROR($R$57*AB58,"") | AB58: 1.09056
B60: Total Project Cost ($)
R61: .
B62: Up-Load file documenting Project Cost
B63: 1. Click on this cell ---------------------------------> | S63: For Additional Files, click on the cells to the right -----------> as needed and follow the same instructions
B64: 2. From the Menu Bar -> Click Insert
B65: 3. From Insert -> Click Object
B66: 4. Select: Create From File
B67: 5. Browse and select the file to be uploaded
B68: 6. Check: Display as Icon (Do not Check Link to File, if option)
B69: 7. Click on Change Icon
B70: 8. Type your choice of file name in the caption line, click OK
B71: 9. Hit OK
B72: NOTE: THERE IS A 7 MB TOTAL FILE SIZE LIMIT FOR SUBMITTAL
B73: Total Incentive Amount | R73: =IFERROR(IF(R58*J10<(0.7*$R$60),R58*J10,0.7*$R$60),"")
B74: EEI Incentive Amount | R74: =IFERROR(R73*Summary!$M$18,"")
B75: Self Funded Incentive Amount | R75: =IFERROR(R73*Summary!$M$19,"")
A77: BPA Technical Support: Tony Koch, 206.220.6777, jakoch@bpa.gov

Sheet RC3
B1: Re-Conductoring Tab 3
AB2: Legend
AB3: To be filled in by the user
B4: Measure Name | AB4: Automatically calculated
B5: Project Start
B6: M&V Completion Date
B7: Data entry by
B8: Data entry date
C9: Measure Ref # | G9: UUDCN85002 | K9: Conductors - Service Conductor Replacement
B10: Incentive Rate ($/kWh) | J10: =IF(ISBLANK($H$5),"",OFFSET(Lists!$AI$1,MATCH('RC3'!$G$9,Lists!$AA$2:$AA$4,FALSE),MATCH('RC3'!$H$5,Lists!$AJ$1:$BA$1,1)))
B12: Are you shifting load IN or OUT of the subject feeder? | W12: No
B13: =IF($W$12="Yes","**Before continuing, please consult with BPA Technical Staff for assistance**","")
R14: Existing System | W14: Proposed System
B15: Energy Savings Analysis
B16: Length of re-conductor section (in miles)
B17: Annual Peak Power at the START of section (kW) | W17: =R17 -> 0
B18: Power Factor at Peak (%) | W18: =R18 -> 0
B19: Annual Apparent Peak Power at the START of section (kVA) | R19: =IFERROR($R$17/$R$18,"") | W19: =R19 | AB19: Note: You may manually enter kVA values but by manually entering kVA you may not be able to revert to calculated value
B20: Annual Peak Power at the END of section (kW) | W20: =R20 -> 0
B21: Annual Apparent Peak Power at the END of section (kVA) | R21: =IFERROR($R$20/$R$18,"") | W21: =R21
B23: Annual Load Factor ( kWavg / kWannual peak, as a %) | W23: =R23 -> 0 | AB23: Note: If feeder specific data is not available, you can use the load factor of the source substation. LF = (Average Annual kW / Annual Hourly Peak kW) = [(Annual Energy in kWh / 8760 hours) / Annual Hourly Peak kW]
B24: Annual Loss Factor (.85*LF^2+.15*LF) | R24: =IFERROR(0.85*$R$23^2+0.15*$R$23,"") -> 0 | W24: =IFERROR(0.85*$W$23^2+0.15*$W$23,"") -> 0
B25: Distribution Factor | Q25: =IFERROR(R21/R19,"") | R25: =IFERROR(INDEX('Distribution Factor'!$B$3:$B$53,MATCH($Q$25,'Distribution Factor'!$A$3:$A$53,-1)),"") | V25: =IFERROR(W21/W19,"") | W25: =IFERROR(INDEX('Distribution Factor'!$B$3:$B$53,MATCH($V$25,'Distribution Factor'!$A$3:$A$53,-1)),"")
B27: Line to ground Voltage (kV)
B29: Number of Phase conductors | R29: --Select-- | W29: --Select--
B30: Number of Neutral conductors | R30: --Select-- | W30: --Select--
B31: =IFERROR(IF(OR($R$29+$R$30<2,$W$29+$W$30<2),"**Phase plus neutral conductors must add to 2 or more**",""),"")
B32: Phase conductor material | R32: --Select-- | W32: --Select--
B33: Phase conductor size | R33: --Select-- | W33: --Select--
B34: Ohm per mile | R34: =IFERROR(VLOOKUP($R$33,INDIRECT($R$32&"T"),2,),"") | W34: =IFERROR(VLOOKUP($W$33,INDIRECT($W$32&"T"),2,),"")
B36: Neutral conductor material | R36: --Select-- | W36: --Select--
B37: Neutral conductor size | R37: --Select-- | W37: --Select--
B38: Ohm per mile | R38: =IFERROR(VLOOKUP($R$37,INDIRECT($R$36&"T"),2,),"") | W38: =IFERROR(VLOOKUP($W$37,INDIRECT($W$36&"T"),2,),"")
B40: Phase Conductor Resistance (Ohm) | R40: =IFERROR(VLOOKUP($R$33,INDIRECT($R$32&"T"),2,)*$W$16,"") | W40: =IFERROR(VLOOKUP($W$33,INDIRECT($W$32&"T"),2,)*$W$16,"")
B41: Neutral Conductor Resistance (Ohm) | R41: =IFERROR(VLOOKUP($R$37,INDIRECT($R$36&"T"),2,)*$W$16,0) -> 0 | W41: =IFERROR(VLOOKUP($W$37,INDIRECT($W$36&"T"),2,)*$W$16,0) -> 0
B43: Are you entering current values manually? | R43: No | AB43: Note: If you choose to enter Manual Current, you may manually enter Proposed and Neutral Current but you may not be able to revert to calculated value.
J45: Manual - Existing | N45: Manual - Proposed
B47: Phase A Current (Amps) | N47: =IF(J47="",0,J47) -> 0 | R47: =IFERROR(IF($R$43="No",$R$19/($R$29*$R$27),""),"") | W47: =IFERROR(IF($R$43="No",$W$19/($W$29*$W$27),""),"")
B48: Phase B Current (Amps) | N48: =J48 -> 0 | R48: =IFERROR(IF(AND($R$29>=2,$R$43="No"), $R$19/($R$29*$R$27), 0),"") | W48: =IFERROR(IF(AND($W$29>=2,$R$43="No"), $W$19/($W$29*$W$27), 0),"")
B49: Phase C Current (Amps) | N49: =J49 -> 0 | R49: =IFERROR(IF(AND($R$29>=3,$R$43="No"), $R$19/($R$29*$R$27), 0),"") | W49: =IFERROR(IF(AND($W$29>=3,$R$43="No"), $W$19/($W$29*$W$27), 0),"")
B50: Neutral Current (Amps) | J50: =IFERROR(IF(OR(R30=0,R30="--Select--"),0,IF(AND(R29=1,R30=1),J47,IF(MAX($J$47:$L$49)/MIN(J47:L49)>1.15, SQRT($J$47^2+$J$48^2+$J$49^2-$J$47*$J$48-$J$48*$J$49-$J$49*$J$47),$J$47*0.15))),"") -> 0 | N50: =IFERROR(IF(OR(W30=0,W30="--Select--"),0,IF(AND(W29=1,W30=1),N47,IF(MAX($N$47:$P$49)/MIN(N47:P49)>1.15, SQRT($N$47^2+$N$48^2+$N$49^2-$N$47*$N$48-$N$48*$N$49-$N$49*$N$47),$N$47*0.15))),"") -> 0 | R50: =IFERROR(IF(OR(R30=0,R30="--Select--",R43="Yes"),0,IF(AND(R29=1,R30=1),R47,0.15*$R$47)),"") -> 0 | W50: =IFERROR(IF(OR(W30=0,W30="--Select--",R43="Yes"),0,IF(AND(W29=1,W30=1),W47,0.15*$W$47)),"") -> 0
B51: Sum I^2R (peak loss W) | J51: =IFERROR((J47*R25)^2*R40+(J48*R25)^2*R40+(J49*R25)^2*R40+(J50*R25)^2*R41,"") | N51: =IFERROR((N47*W25)^2*W40+(N48*W25)^2*W40+(N49*W25)^2*W40+(N50*W25)^2*W41,"") | R51: =IFERROR((R47*R25)^2*R40+(R48*R25)^2*R40+(R49*R25)^2*R40+(R50*R25)^2*R41,"") | W51: =IFERROR(IF(ISBLANK(W47), "",(W47*W25)^2*W40+(W48*W25)^2*W40+(W49*W25)^2*W40+(W50*W25)^2*W41),"")
AD52: amps | AF52: amps | AH52: sum check
J53: =IFERROR(IF(ABS((J47*R27+J48*R27+J49*R27)-R19)/R19>0.1,"ERROR",""),"") | N53: =IFERROR(IF(ABS((N47*R27+N48*R27+N49*R27)-R19)/R19>0.1,"ERROR",""),"") | R53: =IF($R$43="Yes",IF(OR(J53="ERROR",N53="ERROR"),"*Currents do not equal kVA value*",IF(AH53=FALSE,"*Current sums do not match*","")),"") | AD53: =SUM(J47:L49) -> 0 | AF53: =SUM(N47:P49) -> 0 | AH53: =AD53=AF53 -> TRUE
B55: Annual Energy Losses (kWh/year) | R55: =IFERROR(IF(R43="No",$R$24*8760*$R$51/1000,$R$24*8760*$J$51/1000),"") | W55: =IFERROR(IF(R43="No",$W$24*8760*$W$51/1000, $W$24*8760*$N$51/1000),"")
B57: Total Annual Site Energy Savings (kWh/year) | R57: =IFERROR($R$55-$W$55,"") | AB57: BUSBAR Factor
B58: Total Annual Busbar Energy Savings (kWh/year) | R58: =IFERROR($R$57*AB58,"") | AB58: 1.09056
B60: Total Project Cost ($)
B62: Up-Load file documenting Project Cost
B63: 1. Click on this cell ---------------------------------> | S63: For Additional Files, click on the cells to the right -----------> as needed and follow the same instructions
B64: 2. From the Menu Bar -> Click Insert
B65: 3. From Insert -> Click Object
B66: 4. Select: Create From File
B67: 5. Browse and select the file to be uploaded
B68: 6. Check: Display as Icon (Do not Check Link to File, if option)
B69: 7. Click on Change Icon
B70: 8. Type your choice of file name in the caption line, click OK
B71: 9. Hit OK
B72: NOTE: THERE IS A 7 MB TOTAL FILE SIZE LIMIT FOR SUBMITTAL
B73: Total Incentive Amount | R73: =IFERROR(IF(R58*J10<(0.7*$R$60),R58*J10,0.7*$R$60),"")
B74: EEI Incentive Amount | R74: =IFERROR(R73*Summary!$M$18,"")
B75: Self Funded Incentive Amount | R75: =IFERROR(R73*Summary!$M$19,"")
A77: BPA Technical Support: Tony Koch, 206.220.6777, jakoch@bpa.gov

Sheet RC4
B1: Re-Conductoring Tab 4
AB2: Legend
AB3: To be filled in by the user
B4: Measure Name | AB4: Automatically calculated
B5: Project Start
B6: M&V Completion Date
B7: Data entry by
B8: Data entry date
C9: Measure Ref # | G9: UUDCN85002 | K9: Conductors - Service Conductor Replacement
B10: Incentive Rate ($/kWh) | J10: =IF(ISBLANK($H$5),"",OFFSET(Lists!$AI$1,MATCH('RC4'!$G$9,Lists!$AA$2:$AA$4,FALSE),MATCH('RC4'!$H$5,Lists!$AJ$1:$BA$1,1)))
B12: Are you shifting load IN or OUT of the subject feeder? | W12: No
B13: =IF($W$12="Yes","**Before continuing, please consult with BPA Technical Staff for assistance**","")
R14: Existing System | W14: Proposed System
B15: Energy Savings Analysis
B16: Length of re-conductor section (in miles)
B17: Annual Peak Power at the START of section (kW) | W17: =R17 -> 0
B18: Power Factor at Peak (%) | W18: =R18 -> 0
B19: Annual Apparent Peak Power at the START of section (kVA) | R19: =IFERROR($R$17/$R$18,"") | W19: =R19 | AB19: Note: You may manually enter kVA values but by manually entering kVA you may not be able to revert to calculated value
B20: Annual Peak Power at the END of section (kW) | W20: =R20 -> 0
B21: Annual Apparent Peak Power at the END of section (kVA) | R21: =IFERROR($R$20/$R$18,"") | W21: =R21
B23: Annual Load Factor ( kWavg / kWannual peak, as a %) | W23: =R23 -> 0 | AB23: Note: If feeder specific data is not available, you can use the load factor of the source substation. LF = (Average Annual kW / Annual Hourly Peak kW) = [(Annual Energy in kWh / 8760 hours) / Annual Hourly Peak kW]
B24: Annual Loss Factor (.85*LF^2+.15*LF) | R24: =IFERROR(0.85*$R$23^2+0.15*$R$23,"") -> 0 | W24: =IFERROR(0.85*$W$23^2+0.15*$W$23,"") -> 0
B25: Distribution Factor | Q25: =IFERROR(R21/R19,"") | R25: =IFERROR(INDEX('Distribution Factor'!$B$3:$B$53,MATCH($Q$25,'Distribution Factor'!$A$3:$A$53,-1)),"") | V25: =IFERROR(W21/W19,"") | W25: =IFERROR(INDEX('Distribution Factor'!$B$3:$B$53,MATCH($V$25,'Distribution Factor'!$A$3:$A$53,-1)),"")
B27: Line to ground Voltage (kV)
B29: Number of Phase conductors | R29: --Select-- | W29: --Select--
B30: Number of Neutral conductors | R30: --Select-- | W30: --Select--
B31: =IFERROR(IF(OR($R$29+$R$30<2,$W$29+$W$30<2),"**Phase plus neutral conductors must add to 2 or more**",""),"")
B32: Phase conductor material | R32: --Select-- | W32: --Select--
B33: Phase conductor size | R33: --Select-- | W33: --Select--
B34: Ohm per mile | R34: =IFERROR(VLOOKUP($R$33,INDIRECT($R$32&"T"),2,),"") | W34: =IFERROR(VLOOKUP($W$33,INDIRECT($W$32&"T"),2,),"")
B36: Neutral conductor material | R36: --Select-- | W36: --Select--
B37: Neutral conductor size | R37: --Select-- | W37: --Select--
B38: Ohm per mile | R38: =IFERROR(VLOOKUP($R$37,INDIRECT($R$36&"T"),2,),"") | W38: =IFERROR(VLOOKUP($W$37,INDIRECT($W$36&"T"),2,),"")
B40: Phase Conductor Resistance (Ohm) | R40: =IFERROR(VLOOKUP($R$33,INDIRECT($R$32&"T"),2,)*$W$16,"") | W40: =IFERROR(VLOOKUP($W$33,INDIRECT($W$32&"T"),2,)*$W$16,"")
B41: Neutral Conductor Resistance (Ohm) | R41: =IFERROR(VLOOKUP($R$37,INDIRECT($R$36&"T"),2,)*$W$16,0) -> 0 | W41: =IFERROR(VLOOKUP($W$37,INDIRECT($W$36&"T"),2,)*$W$16,0) -> 0
B43: Are you entering current values manually? | R43: No | AB43: Note: If you choose to enter Manual Current, you may manually enter Proposed and Neutral Current but you may not be able to revert to calculated value.
J45: Manual - Existing | N45: Manual - Proposed
B47: Phase A Current (Amps) | N47: =IF(J47="",0,J47) -> 0 | R47: =IFERROR(IF($R$43="No",$R$19/($R$29*$R$27),""),"") | W47: =IFERROR(IF($R$43="No",$W$19/($W$29*$W$27),""),"")
B48: Phase B Current (Amps) | N48: =J48 -> 0 | R48: =IFERROR(IF(AND($R$29>=2,$R$43="No"), $R$19/($R$29*$R$27), 0),"") | W48: =IFERROR(IF(AND($W$29>=2,$R$43="No"), $W$19/($W$29*$W$27), 0),"")
B49: Phase C Current (Amps) | N49: =J49 -> 0 | R49: =IFERROR(IF(AND($R$29>=3,$R$43="No"), $R$19/($R$29*$R$27), 0),"") | W49: =IFERROR(IF(AND($W$29>=3,$R$43="No"), $W$19/($W$29*$W$27), 0),"")
B50: Neutral Current (Amps) | J50: =IFERROR(IF(OR(R30=0,R30="--Select--"),0,IF(AND(R29=1,R30=1),J47,IF(MAX($J$47:$L$49)/MIN(J47:L49)>1.15, SQRT($J$47^2+$J$48^2+$J$49^2-$J$47*$J$48-$J$48*$J$49-$J$49*$J$47),$J$47*0.15))),"") -> 0 | N50: =IFERROR(IF(OR(W30=0,W30="--Select--"),0,IF(AND(W29=1,W30=1),N47,IF(MAX($N$47:$P$49)/MIN(N47:P49)>1.15, SQRT($N$47^2+$N$48^2+$N$49^2-$N$47*$N$48-$N$48*$N$49-$N$49*$N$47),$N$47*0.15))),"") -> 0 | R50: =IFERROR(IF(OR(R30=0,R30="--Select--",R43="Yes"),0,IF(AND(R29=1,R30=1),R47,0.15*$R$47)),"") -> 0 | W50: =IFERROR(IF(OR(W30=0,W30="--Select--",R43="Yes"),0,IF(AND(W29=1,W30=1),W47,0.15*$W$47)),"") -> 0
B51: Sum I^2R (peak loss W) | J51: =IFERROR((J47*R25)^2*R40+(J48*R25)^2*R40+(J49*R25)^2*R40+(J50*R25)^2*R41,"") | N51: =IFERROR((N47*W25)^2*W40+(N48*W25)^2*W40+(N49*W25)^2*W40+(N50*W25)^2*W41,"") | R51: =IFERROR((R47*R25)^2*R40+(R48*R25)^2*R40+(R49*R25)^2*R40+(R50*R25)^2*R41,"") | W51: =IFERROR(IF(ISBLANK(W47), "",(W47*W25)^2*W40+(W48*W25)^2*W40+(W49*W25)^2*W40+(W50*W25)^2*W41),"")
AD52: amps | AF52: amps | AH52: sum check
J53: =IFERROR(IF(ABS((J47*R27+J48*R27+J49*R27)-R19)/R19>0.1,"ERROR",""),"") | N53: =IFERROR(IF(ABS((N47*R27+N48*R27+N49*R27)-R19)/R19>0.1,"ERROR",""),"") | R53: =IF($R$43="Yes",IF(OR(J53="ERROR",N53="ERROR"),"*Currents do not equal kVA value*",IF(AH53=FALSE,"*Current sums do not match*","")),"") | AD53: =SUM(J47:L49) -> 0 | AF53: =SUM(N47:P49) -> 0 | AH53: =AD53=AF53 -> TRUE
B55: Annual Energy Losses (kWh/year) | R55: =IFERROR(IF(R43="No",$R$24*8760*$R$51/1000,$R$24*8760*$J$51/1000),"") | W55: =IFERROR(IF(R43="No",$W$24*8760*$W$51/1000, $W$24*8760*$N$51/1000),"")
B57: Total Annual Site Energy Savings (kWh/year) | R57: =IFERROR($R$55-$W$55,"") | AB57: BUSBAR Factor
B58: Total Annual Busbar Energy Savings (kWh/year) | R58: =IFERROR($R$57*AB58,"") | AB58: 1.09056
B60: Total Project Cost ($)
B62: Up-Load file documenting Project Cost
B63: 1. Click on this cell ---------------------------------> | S63: For Additional Files, click on the cells to the right -----------> as needed and follow the same instructions
B64: 2. From the Menu Bar -> Click Insert
B65: 3. From Insert -> Click Object
B66: 4. Select: Create From File
B67: 5. Browse and select the file to be uploaded
B68: 6. Check: Display as Icon (Do not Check Link to File, if option)
B69: 7. Click on Change Icon
B70: 8. Type your choice of file name in the caption line, click OK
B71: 9. Hit OK
B72: NOTE: THERE IS A 7 MB TOTAL FILE SIZE LIMIT FOR SUBMITTAL
B73: Total Incentive Amount | R73: =IFERROR(IF(R58*J10<(0.7*$R$60),R58*J10,0.7*$R$60),"")
B74: EEI Incentive Amount | R74: =IFERROR(R73*Summary!$M$18,"")
B75: Self Funded Incentive Amount | R75: =IFERROR(R73*Summary!$M$19,"")
A77: BPA Technical Support: Tony Koch, 206.220.6777, jakoch@bpa.gov

Sheet RC5
B1: Re-Conductoring Tab 5
AB2: Legend
AB3: To be filled in by the user
B4: Measure Name | AB4: Automatically calculated
B5: Project Start
B6: M&V Completion Date
B7: Data entry by
B8: Data entry date
C9: Measure Ref # | G9: UUDCN85002 | K9: Conductors - Service Conductor Replacement
B10: Incentive Rate ($/kWh) | J10: =IF(ISBLANK($H$5),"",OFFSET(Lists!$AI$1,MATCH('RC5'!$G$9,Lists!$AA$2:$AA$4,FALSE),MATCH('RC5'!$H$5,Lists!$AJ$1:$BA$1,1)))
B12: Are you shifting load IN or OUT of the subject feeder? | W12: No
B13: =IF($W$12="Yes","**Before continuing, please consult with BPA Technical Staff for assistance**","")
R14: Existing System | W14: Proposed System
B15: Energy Savings Analysis
B16: Length of re-conductor section (in miles)
B17: Annual Peak Power at the START of section (kW) | W17: =R17 -> 0
B18: Power Factor at Peak (%) | W18: =R18 -> 0
B19: Annual Apparent Peak Power at the START of section (kVA) | R19: =IFERROR($R$17/$R$18,"") | W19: =R19 | AB19: Note: You may manually enter kVA values but by manually entering kVA you may not be able to revert to calculated value
B20: Annual Peak Power at the END of section (kW) | W20: =R20 -> 0
B21: Annual Apparent Peak Power at the END of section (kVA) | R21: =IFERROR($R$20/$R$18,"") | W21: =R21
B23: Annual Load Factor ( kWavg / kWannual peak, as a %) | W23: =R23 -> 0 | AB23: Note: If feeder specific data is not available, you can use the load factor of the source substation. LF = (Average Annual kW / Annual Hourly Peak kW) = [(Annual Energy in kWh / 8760 hours) / Annual Hourly Peak kW]
B24: Annual Loss Factor (.85*LF^2+.15*LF) | R24: =IFERROR(0.85*$R$23^2+0.15*$R$23,"") -> 0 | W24: =IFERROR(0.85*$W$23^2+0.15*$W$23,"") -> 0
B25: Distribution Factor | Q25: =IFERROR(R21/R19,"") | R25: =IFERROR(INDEX('Distribution Factor'!$B$3:$B$53,MATCH($Q$25,'Distribution Factor'!$A$3:$A$53,-1)),"") | V25: =IFERROR(W21/W19,"") | W25: =IFERROR(INDEX('Distribution Factor'!$B$3:$B$53,MATCH($V$25,'Distribution Factor'!$A$3:$A$53,-1)),"")
B27: Line to ground Voltage (kV)
B29: Number of Phase conductors | R29: --Select-- | W29: --Select--
B30: Number of Neutral conductors | R30: --Select-- | W30: --Select--
B31: =IFERROR(IF(OR($R$29+$R$30<2,$W$29+$W$30<2),"**Phase plus neutral conductors must add to 2 or more**",""),"")
B32: Phase conductor material | R32: --Select-- | W32: --Select--
B33: Phase conductor size
B34: Ohm per mile | R34: =IFERROR(VLOOKUP($R$33,INDIRECT($R$32&"T"),2,),"") | W34: =IFERROR(VLOOKUP($W$33,INDIRECT($W$32&"T"),2,),"")
B36: Neutral conductor material | R36: --Select-- | W36: --Select--
B37: Neutral conductor size
B38: Ohm per mile | R38: =IFERROR(VLOOKUP($R$37,INDIRECT($R$36&"T"),2,),"") | W38: =IFERROR(VLOOKUP($W$37,INDIRECT($W$36&"T"),2,),"")
B40: Phase Conductor Resistance (Ohm) | R40: =IFERROR(VLOOKUP($R$33,INDIRECT($R$32&"T"),2,)*$W$16,"") | W40: =IFERROR(VLOOKUP($W$33,INDIRECT($W$32&"T"),2,)*$W$16,"")
B41: Neutral Conductor Resistance (Ohm) | R41: =IFERROR(VLOOKUP($R$37,INDIRECT($R$36&"T"),2,)*$W$16,0) -> 0 | W41: =IFERROR(VLOOKUP($W$37,INDIRECT($W$36&"T"),2,)*$W$16,0) -> 0
B43: Are you entering current values manually? | R43: No | AB43: Note: If you choose to enter Manual Current, you may manually enter Proposed and Neutral Current but you may not be able to revert to calculated value.
J45: Manual - Existing | N45: Manual - Proposed
B47: Phase A Current (Amps) | N47: =IF(J47="",0,J47) -> 0 | R47: =IFERROR(IF($R$43="No",$R$19/($R$29*$R$27),""),"") | W47: =IFERROR(IF($R$43="No",$W$19/($W$29*$W$27),""),"")
B48: Phase B Current (Amps) | N48: =J48 -> 0 | R48: =IFERROR(IF(AND($R$29>=2,$R$43="No"), $R$19/($R$29*$R$27), 0),"") | W48: =IFERROR(IF(AND($W$29>=2,$R$43="No"), $W$19/($W$29*$W$27), 0),"")
B49: Phase C Current (Amps) | N49: =J49 -> 0 | R49: =IFERROR(IF(AND($R$29>=3,$R$43="No"), $R$19/($R$29*$R$27), 0),"") | W49: =IFERROR(IF(AND($W$29>=3,$R$43="No"), $W$19/($W$29*$W$27), 0),"")
B50: Neutral Current (Amps) | J50: =IFERROR(IF(OR(R30=0,R30="--Select--"),0,IF(AND(R29=1,R30=1),J47,IF(MAX($J$47:$L$49)/MIN(J47:L49)>1.15, SQRT($J$47^2+$J$48^2+$J$49^2-$J$47*$J$48-$J$48*$J$49-$J$49*$J$47),$J$47*0.15))),"") -> 0 | N50: =IFERROR(IF(OR(W30=0,W30="--Select--"),0,IF(AND(W29=1,W30=1),N47,IF(MAX($N$47:$P$49)/MIN(N47:P49)>1.15, SQRT($N$47^2+$N$48^2+$N$49^2-$N$47*$N$48-$N$48*$N$49-$N$49*$N$47),$N$47*0.15))),"") -> 0 | R50: =IFERROR(IF(OR(R30=0,R30="--Select--",R43="Yes"),0,IF(AND(R29=1,R30=1),R47,0.15*$R$47)),"") -> 0 | W50: =IFERROR(IF(OR(W30=0,W30="--Select--",R43="Yes"),0,IF(AND(W29=1,W30=1),W47,0.15*$W$47)),"") -> 0
B51: Sum I^2R (peak loss kW) | J51: =IFERROR((J47*R25)^2*R40+(J48*R25)^2*R40+(J49*R25)^2*R40+(J50*R25)^2*R41,"") | N51: =IFERROR((N47*W25)^2*W40+(N48*W25)^2*W40+(N49*W25)^2*W40+(N50*W25)^2*W41,"") | R51: =IFERROR((R47*R25)^2*R40+(R48*R25)^2*R40+(R49*R25)^2*R40+(R50*R25)^2*R41,"") | W51: =IFERROR(IF(ISBLANK(W47), "",(W47*W25)^2*W40+(W48*W25)^2*W40+(W49*W25)^2*W40+(W50*W25)^2*W41),"")
AD52: amps | AF52: amps | AH52: sum check
J53: =IFERROR(IF(ABS((J47*R27+J48*R27+J49*R27)-R19)/R19>0.1,"ERROR",""),"") | N53: =IFERROR(IF(ABS((N47*R27+N48*R27+N49*R27)-R19)/R19>0.1,"ERROR",""),"") | R53: =IF($R$43="Yes",IF(OR(J53="ERROR",N53="ERROR"),"*Currents do not equal kVA value*",IF(AH53=FALSE,"*Current sums do not match*","")),"") | AD53: =SUM(J47:L49) -> 0 | AF53: =SUM(N47:P49) -> 0 | AH53: =AD53=AF53 -> TRUE
B55: Annual Energy Losses (kWh/year) | R55: =IFERROR(IF(R43="No",$R$24*8760*$R$51/1000,$R$24*8760*$J$51/1000),"") | W55: =IFERROR(IF(R43="No",$W$24*8760*$W$51/1000, $W$24*8760*$N$51/1000),"")
B57: Total Annual Site Energy Savings (kWh/year) | R57: =IFERROR($R$55-$W$55,"") | AB57: BUSBAR Factor
B58: Total Annual Busbar Energy Savings (kWh/year) | R58: =IFERROR($R$57*AB58,"") | AB58: 1.09056
B60: Total Project Cost ($)
B62: Up-Load file documenting Project Cost
B63: 1. Click on this cell ---------------------------------> | S63: For Additional Files, click on the cells to the right -----------> as needed and follow the same instructions
B64: 2. From the Menu Bar -> Click Insert
B65: 3. From Insert -> Click Object
B66: 4. Select: Create From File
B67: 5. Browse and select the file to be uploaded
B68: 6. Check: Display as Icon (Do not Check Link to File, if option)
B69: 7. Click on Change Icon
B70: 8. Type your choice of file name in the caption line, click OK
B71: 9. Hit OK
B72: NOTE: THERE IS A 7 MB TOTAL FILE SIZE LIMIT FOR SUBMITTAL
B73: Total Incentive Amount | R73: =IFERROR(IF(R58*J10<(0.7*$R$60),R58*J10,0.7*$R$60),"")
B74: EEI Incentive Amount | R74: =IFERROR(R73*Summary!$M$18,"")
B75: Self Funded Incentive Amount | R75: =IFERROR(R73*Summary!$M$19,"")
A77: BPA Technical Support: Tony Koch, 206.220.6777, jakoch@bpa.gov

Sheet RC6
B1: Re-Conductoring Tab 6
AB2: Legend
AB3: To be filled in by the user
B4: Measure Name | AB4: Automatically calculated
B5: Project Start
B6: M&V Completion Date
B7: Data entry by
B8: Data entry date
C9: Measure Ref # | G9: UUDCN85002 | K9: Conductors - Service Conductor Replacement
B10: Incentive Rate ($/kWh) | J10: =IF(ISBLANK($H$5),"",OFFSET(Lists!$AI$1,MATCH('RC6'!$G$9,Lists!$AA$2:$AA$4,FALSE),MATCH('RC6'!$H$5,Lists!$AJ$1:$BA$1,1)))
B12: Are you shifting load IN or OUT of the subject feeder? | W12: No
B13: =IF($W$12="Yes","**Before continuing, please consult with BPA Technical Staff for assistance**","")
R14: Existing System | W14: Proposed System
B15: Energy Savings Analysis
B16: Length of re-conductor section (in miles)
B17: Annual Peak Power at the START of section (kW) | W17: =R17 -> 0
B18: Power Factor at Peak (%) | W18: =R18 -> 0
B19: Annual Apparent Peak Power at the START of section (kVA) | R19: =IFERROR($R$17/$R$18,"") | W19: =R19 | AB19: Note: You may manually enter kVA values but by manually entering kVA you may not be able to revert to calculated value
B20: Annual Peak Power at the END of section (kW) | W20: =R20 -> 0
B21: Annual Apparent Peak Power at the END of section (kVA) | R21: =IFERROR($R$20/$R$18,"") | W21: =R21
B23: Annual Load Factor ( kWavg / kWannual peak, as a %) | W23: =R23 -> 0 | AB23: Note: If feeder specific data is not available, you can use the load factor of the source substation. LF = (Average Annual kW / Annual Hourly Peak kW) = [(Annual Energy in kWh / 8760 hours) / Annual Hourly Peak kW]
B24: Annual Loss Factor (.85*LF^2+.15*LF) | R24: =IFERROR(0.85*$R$23^2+0.15*$R$23,"") -> 0 | W24: =IFERROR(0.85*$W$23^2+0.15*$W$23,"") -> 0
B25: Distribution Factor | Q25: =IFERROR(R21/R19,"") | R25: =IFERROR(INDEX('Distribution Factor'!$B$3:$B$53,MATCH($Q$25,'Distribution Factor'!$A$3:$A$53,-1)),"") | V25: =IFERROR(W21/W19,"") | W25: =IFERROR(INDEX('Distribution Factor'!$B$3:$B$53,MATCH($V$25,'Distribution Factor'!$A$3:$A$53,-1)),"")
B27: Line to ground Voltage (kV)
B29: Number of Phase conductors | R29: --Select-- | W29: --Select--
B30: Number of Neutral conductors | R30: --Select-- | W30: --Select--
B31: =IFERROR(IF(OR($R$29+$R$30<2,$W$29+$W$30<2),"**Phase plus neutral conductors must add to 2 or more**",""),"")
B32: Phase conductor material | R32: --Select-- | W32: --Select--
B33: Phase conductor size
B34: Ohm per mile | R34: =IFERROR(VLOOKUP($R$33,INDIRECT($R$32&"T"),2,),"") | W34: =IFERROR(VLOOKUP($W$33,INDIRECT($W$32&"T"),2,),"")
B36: Neutral conductor material | R36: --Select-- | W36: --Select--
B37: Neutral conductor size
B38: Ohm per mile | R38: =IFERROR(VLOOKUP($R$37,INDIRECT($R$36&"T"),2,),"") | W38: =IFERROR(VLOOKUP($W$37,INDIRECT($W$36&"T"),2,),"")
B40: Phase Conductor Resistance (Ohm) | R40: =IFERROR(VLOOKUP($R$33,INDIRECT($R$32&"T"),2,)*$W$16,"") | W40: =IFERROR(VLOOKUP($W$33,INDIRECT($W$32&"T"),2,)*$W$16,"")
B41: Neutral Conductor Resistance (Ohm) | R41: =IFERROR(VLOOKUP($R$37,INDIRECT($R$36&"T"),2,)*$W$16,0) -> 0 | W41: =IFERROR(VLOOKUP($W$37,INDIRECT($W$36&"T"),2,)*$W$16,0) -> 0
B43: Are you entering current values manually? | R43: No | AB43: Note: If you choose to enter Manual Current, you may manually enter Proposed and Neutral Current but you may not be able to revert to calculated value.
J45: Manual - Existing | N45: Manual - Proposed
B47: Phase A Current (Amps) | N47: =IF(J47="",0,J47) -> 0 | R47: =IFERROR(IF($R$43="No",$R$19/($R$29*$R$27),""),"") | W47: =IFERROR(IF($R$43="No",$W$19/($W$29*$W$27),""),"")
B48: Phase B Current (Amps) | N48: =J48 -> 0 | R48: =IFERROR(IF(AND($R$29>=2,$R$43="No"), $R$19/($R$29*$R$27), 0),"") | W48: =IFERROR(IF(AND($W$29>=2,$R$43="No"), $W$19/($W$29*$W$27), 0),"")
B49: Phase C Current (Amps) | N49: =J49 -> 0 | R49: =IFERROR(IF(AND($R$29>=3,$R$43="No"), $R$19/($R$29*$R$27), 0),"") | W49: =IFERROR(IF(AND($W$29>=3,$R$43="No"), $W$19/($W$29*$W$27), 0),"")
B50: Neutral Current (Amps) | J50: =IFERROR(IF(OR(R30=0,R30="--Select--"),0,IF(AND(R29=1,R30=1),J47,IF(MAX($J$47:$L$49)/MIN(J47:L49)>1.15, SQRT($J$47^2+$J$48^2+$J$49^2-$J$47*$J$48-$J$48*$J$49-$J$49*$J$47),$J$47*0.15))),"") -> 0 | N50: =IFERROR(IF(OR(W30=0,W30="--Select--"),0,IF(AND(W29=1,W30=1),N47,IF(MAX($N$47:$P$49)/MIN(N47:P49)>1.15, SQRT($N$47^2+$N$48^2+$N$49^2-$N$47*$N$48-$N$48*$N$49-$N$49*$N$47),$N$47*0.15))),"") -> 0 | R50: =IFERROR(IF(OR(R30=0,R30="--Select--",R43="Yes"),0,IF(AND(R29=1,R30=1),R47,0.15*$R$47)),"") -> 0 | W50: =IFERROR(IF(OR(W30=0,W30="--Select--",R43="Yes"),0,IF(AND(W29=1,W30=1),W47,0.15*$W$47)),"") -> 0
B51: Sum I^2R (peak loss kW) | J51: =IFERROR((J47*R25)^2*R40+(J48*R25)^2*R40+(J49*R25)^2*R40+(J50*R25)^2*R41,"") | N51: =IFERROR((N47*W25)^2*W40+(N48*W25)^2*W40+(N49*W25)^2*W40+(N50*W25)^2*W41,"") | R51: =IFERROR((R47*R25)^2*R40+(R48*R25)^2*R40+(R49*R25)^2*R40+(R50*R25)^2*R41,"") | W51: =IFERROR(IF(ISBLANK(W47), "",(W47*W25)^2*W40+(W48*W25)^2*W40+(W49*W25)^2*W40+(W50*W25)^2*W41),"")
AD52: amps | AF52: amps | AH52: sum check
J53: =IFERROR(IF(ABS((J47*R27+J48*R27+J49*R27)-R19)/R19>0.1,"ERROR",""),"") | N53: =IFERROR(IF(ABS((N47*R27+N48*R27+N49*R27)-R19)/R19>0.1,"ERROR",""),"") | R53: =IF($R$43="Yes",IF(OR(J53="ERROR",N53="ERROR"),"*Currents do not equal kVA value*",IF(AH53=FALSE,"*Current sums do not match*","")),"") | AD53: =SUM(J47:L49) -> 0 | AF53: =SUM(N47:P49) -> 0 | AH53: =AD53=AF53 -> TRUE
B55: Annual Energy Losses (kWh/year) | R55: =IFERROR(IF(R43="No",$R$24*8760*$R$51/1000,$R$24*8760*$J$51/1000),"") | W55: =IFERROR(IF(R43="No",$W$24*8760*$W$51/1000, $W$24*8760*$N$51/1000),"")
B57: Total Annual Site Energy Savings (kWh/year) | R57: =IFERROR($R$55-$W$55,"") | AB57: BUSBAR Factor
B58: Total Annual Busbar Energy Savings (kWh/year) | R58: =IFERROR($R$57*AB58,"") | AB58: 1.09056
B60: Total Project Cost ($)
B62: Up-Load file documenting Project Cost
B63: 1. Click on this cell ---------------------------------> | S63: For Additional Files, click on the cells to the right -----------> as needed and follow the same instructions
B64: 2. From the Menu Bar -> Click Insert
B65: 3. From Insert -> Click Object
B66: 4. Select: Create From File
B67: 5. Browse and select the file to be uploaded
B68: 6. Check: Display as Icon (Do not Check Link to File, if option)
B69: 7. Click on Change Icon
B70: 8. Type your choice of file name in the caption line, click OK
B71: 9. Hit OK
B72: NOTE: THERE IS A 7 MB TOTAL FILE SIZE LIMIT FOR SUBMITTAL
B73: Total Incentive Amount | R73: =IFERROR(IF(R58*J10<(0.7*$R$60),R58*J10,0.7*$R$60),"")
B74: EEI Incentive Amount | R74: =IFERROR(R73*Summary!$M$18,"")
B75: Self Funded Incentive Amount | R75: =IFERROR(R73*Summary!$M$19,"")
A77: BPA Technical Support: Tony Koch, 206.220.6777, jakoch@bpa.gov

Sheet TF1
B1: Transformer Tab 1
AC2: Legend
AC3: To be filled in by the user
B4: Measure Name | AC4: Automatically calculated
B5: Project Start
B6: M&V Completion Date
B7: Data entry by
B8: Data entry date
B9: Project Intent | H9: --Select--
B10: Project Type | H10: --Select--
B11: Measure Ref # | H11: =IF(H10="New Construction","UUDTR95006",IF(H10="Retrofit","UUDTR85006",""))
B12: Incentive Rate ($/kWh) | J12: =IF(OR(ISBLANK($H$5),H10="--Select--"),"",OFFSET(Lists!$AI$1,MATCH(H11,Lists!$AA$2:$AA$4,FALSE),MATCH($H$5,Lists!$AJ$1:$BA$1,1)))
S14: Existing System | X14: Proposed System
B16: Quantity | X16: 1
B17: Nameplate Power of the Transformer (kVA)
B18: Peak Annual (Hourly) Power on Transformer (kVA) | X18: =S18 -> 0 | AC18: Note: You may manually enter kVA values but by manually entering kVA you may not be able to revert to calculated value
B19: Average (Hourly) Power on Transformer (kVA) | X19: =S19 -> 0
B20: Load Factor (Avg / Peak) | S20: =IFERROR($S$19/$S$18,"") | X20: =IFERROR($X$19/$X$18,"")
B22: Annual Loss Factor (.85*LF^2+.15*LF) | S22: =IFERROR($S$20^2*0.85+$S$20*0.15,"") | X22: =IFERROR(0.85*X20^2+0.15*X20,"")
B23: Annual Energized Hours | X23: =S23 -> 0
B25: No Load Loss Nameplate Rated Power (kW)
B26: Load Loss at Nameplate Rated Power (kW)
B28: Manufacturer Loss Report documentation | S28: Attach Below | X28: Attach Below
B30: Peak Load-Loss (kW) | S30: =IFERROR($S$26*($S$18/$S$17)^2,"") | X30: =IFERROR($X$26*($X$18/X17)^2,"")
B31: Annual No-Load (core) Energy Losses (kWh/year) | S31: =IFERROR($S$25*$S$23,"") -> 0 | X31: =IFERROR($X$25*$X$23,"") -> 0
B32: Annual Load (winding) Energy Losses (kWh/year) | S32: =IFERROR($S$30*$S$22*$S$23,"") | X32: =IFERROR($X$30*$X$22*$X$23,"")
B33: Unit Annual Energy Losses (kWh/year) | S33: =IFERROR(SUM(S31:V32),"") -> 0 | X33: =SUM(X31:AA32) -> 0
B35: Unit Annual Site Energy Savings (kWh/year) | S35: =IFERROR(($S$33-$X$33),"") -> 0
B36: Total Annual Site Energy Savings (kWh/year) | S36: =IFERROR(($S$33-$X$33)*$X$16,"") -> 0 | AC36: BUSBAR Factor
B37: Total Annual Busbar Energy Savings (kWh/year) | S37: =IFERROR(S36*AC37,"") -> 0 | AC37: 1.09056
B39: Unit Project Cost ($) (Quantity = 1)
B40: Total Project Cost ($) | S40: =$S$39*$X$16 -> 0
B42: Up-Load file documenting Project Cost and Loss Reports
B43: Please Include: Loss Test Report for Exisiting and Loss Test Report for Proposed
B44: 1. Click on this cell ---------------------------------> | S44: For Additional Files, click on the cells to the right -----------> as needed and follow the same instructions
B45: 2. From the Menu Bar -> Click Insert
B46: 3. From Insert -> Click Object
B47: 4. Select: Create From File
B48: 5. Browse and select the file to be uploaded
B49: 6. Check: Display as Icon (Do not Check Link to File, if option)
B50: 7. Click on Change Icon
B51: 8. Type your choice of file name in the caption line, click OK
B52: 9. Hit OK
B53: NOTE: THERE IS A 7 MB TOTAL FILE SIZE LIMIT FOR SUBMITTAL
B54: Total Incentive Amount | S54: =IFERROR(IF(S40<0,0,IF(S37*J12<(0.7*$S$40),S37*J12,0.7*$S$40)),"")
B55: EEI Incentive Amount | S55: =IFERROR(S54*Summary!$M$18,"")
B56: Self Funded Incentive Amount | S56: =IFERROR(S54*Summary!$M$19,"")
A58: BPA Technical Support: Tony Koch, 206.220.6777, jakoch@bpa.gov

Sheet TF2
B1: Transformer Tab 2
AC2: Legend
AC3: To be filled in by the user
B4: Measure Name | AC4: Automatically calculated
B5: Project Start
B6: M&V Completion Date
B7: Data entry by
B8: Data entry date
B9: Project Intent | H9: --Select--
B10: Project Type | H10: --Select--
B11: Measure Ref # | H11: =IF(H10="New Construction","UUDTR95006",IF(H10="Retrofit","UUDTR85006",""))
B12: Incentive Rate ($/kWh) | J12: =IF(OR(ISBLANK($H$5),H10="--Select--"),"",OFFSET(Lists!$AI$1,MATCH(H11,Lists!$AA$2:$AA$4,FALSE),MATCH($H$5,Lists!$AJ$1:$BA$1,1)))
S14: Existing System | X14: Proposed System
B16: Quantity | X16: 1
B17: Nameplate Power of the Transformer (kVA)
B18: Peak Annual (Hourly) Power on Transformer (kVA) | X18: =S18 -> 0 | AC18: Note: You may manually enter kVA values but by manually entering kVA you may not be able to revert to calculated value
B19: Average (Hourly) Power on Transformer (kVA) | X19: =S19 -> 0
B20: Load Factor (Avg / Peak) | S20: =IFERROR($S$19/$S$18,"") | X20: =IFERROR($X$19/$X$18,"")
B22: Annual Loss Factor (.85*LF^2+.15*LF) | S22: =IFERROR($S$20^2*0.85+$S$20*0.15,"") | X22: =IFERROR(0.85*X20^2+0.15*X20,"")
B23: Annual Energized Hours | X23: =S23 -> 0
B25: No Load Loss Nameplate Rated Power (kW)
B26: Load Loss at Nameplate Rated Power (kW)
B28: Manufacturer Loss Report documentation | S28: Attach Below | X28: Attach Below
B30: Peak Load-Loss (kW) | S30: =IFERROR($S$26*($S$18/$S$17)^2,"") | X30: =IFERROR($X$26*($X$18/X17)^2,"")
B31: Annual No-Load (core) Energy Losses (kWh/year) | S31: =IFERROR($S$25*$S$23,"") -> 0 | X31: =IFERROR($X$25*$X$23,"") -> 0
B32: Annual Load (winding) Energy Losses (kWh/year) | S32: =IFERROR($S$30*$S$22*$S$23,"") | X32: =IFERROR($X$30*$X$22*$X$23,"")
B33: Unit Annual Energy Losses (kWh/year) | S33: =IFERROR(SUM(S31:V32),"") -> 0 | X33: =SUM(X31:AA32) -> 0
B35: Unit Annual Site Energy Savings (kWh/year) | S35: =IFERROR(($S$33-$X$33),"") -> 0
B36: Total Annual Site Energy Savings (kWh/year) | S36: =IFERROR(($S$33-$X$33)*$X$16,"") -> 0 | AC36: BUSBAR Factor
B37: Total Annual Busbar Energy Savings (kWh/year) | S37: =IFERROR(S36*AC37,"") -> 0 | AC37: 1.09056
B39: Unit Project Cost ($) (Quantity = 1)
B40: Total Project Cost ($) | S40: =$S$39*$X$16 -> 0
B42: Up-Load file documenting Project Cost and Loss Reports
B43: Please Include: Loss Test Report for Exisiting and Loss Test Report for Proposed
B44: 1. Click on this cell ---------------------------------> | S44: For Additional Files, click on the cells to the right -----------> as needed and follow the same instructions
B45: 2. From the Menu Bar -> Click Insert
B46: 3. From Insert -> Click Object
B47: 4. Select: Create From File
B48: 5. Browse and select the file to be uploaded
B49: 6. Check: Display as Icon (Do not Check Link to File, if option)
B50: 7. Click on Change Icon
B51: 8. Type your choice of file name in the caption line, click OK
B52: 9. Hit OK
B53: NOTE: THERE IS A 7 MB TOTAL FILE SIZE LIMIT FOR SUBMITTAL
B54: Total Incentive Amount | S54: =IFERROR(IF(S40<0,0,IF(S37*J12<(0.7*$S$40),S37*J12,0.7*$S$40)),"")
B55: EEI Incentive Amount | S55: =IFERROR(S54*Summary!$M$18,"")
B56: Self Funded Incentive Amount | S56: =IFERROR(S54*Summary!$M$19,"")
A58: BPA Technical Support: Tony Koch, 206.220.6777, jakoch@bpa.gov

Sheet TF3
B1: Transformer Tab 3
AC2: Legend
AC3: To be filled in by the user
B4: Measure Name | AC4: Automatically calculated
B5: Project Start
B6: M&V Completion Date
B7: Data entry by
B8: Data entry date
B9: Project Intent | H9: --Select--
B10: Project Type | H10: --Select--
B11: Measure Ref # | H11: =IF(H10="New Construction","UUDTR95006",IF(H10="Retrofit","UUDTR85006",""))
B12: Incentive Rate ($/kWh) | J12: =IF(OR(ISBLANK($H$5),H10="--Select--"),"",OFFSET(Lists!$AI$1,MATCH(H11,Lists!$AA$2:$AA$4,FALSE),MATCH($H$5,Lists!$AJ$1:$BA$1,1)))
S14: Existing System | X14: Proposed System
B16: Quantity | X16: 1
B17: Nameplate Power of the Transformer (kVA)
B18: Peak Annual (Hourly) Power on Transformer (kVA) | X18: =S18 -> 0 | AC18: Note: You may manually enter kVA values but by manually entering kVA you may not be able to revert to calculated value
B19: Average (Hourly) Power on Transformer (kVA) | X19: =S19 -> 0
B20: Load Factor (Avg / Peak) | S20: =IFERROR($S$19/$S$18,"") | X20: =IFERROR($X$19/$X$18,"")
B22: Annual Loss Factor (.85*LF^2+.15*LF) | S22: =IFERROR($S$20^2*0.85+$S$20*0.15,"") | X22: =IFERROR(0.85*X20^2+0.15*X20,"")
B23: Annual Energized Hours | X23: =S23 -> 0
B25: No Load Loss Nameplate Rated Power (kW)
B26: Load Loss at Nameplate Rated Power (kW)
B28: Manufacturer Loss Report documentation | S28: Attach Below | X28: Attach Below
B30: Peak Load-Loss (kW) | S30: =IFERROR($S$26*($S$18/$S$17)^2,"") | X30: =IFERROR($X$26*($X$18/X17)^2,"")
B31: Annual No-Load (core) Energy Losses (kWh/year) | S31: =IFERROR($S$25*$S$23,"") -> 0 | X31: =IFERROR($X$25*$X$23,"") -> 0
B32: Annual Load (winding) Energy Losses (kWh/year) | S32: =IFERROR($S$30*$S$22*$S$23,"") | X32: =IFERROR($X$30*$X$22*$X$23,"")
B33: Unit Annual Energy Losses (kWh/year) | S33: =IFERROR(SUM(S31:V32),"") -> 0 | X33: =SUM(X31:AA32) -> 0
B35: Unit Annual Site Energy Savings (kWh/year) | S35: =IFERROR(($S$33-$X$33),"") -> 0
B36: Total Annual Site Energy Savings (kWh/year) | S36: =IFERROR(($S$33-$X$33)*$X$16,"") -> 0 | AC36: BUSBAR Factor
B37: Total Annual Busbar Energy Savings (kWh/year) | S37: =IFERROR(S36*AC37,"") -> 0 | AC37: 1.09056
B39: Unit Project Cost ($) (Quantity = 1)
B40: Total Project Cost ($) | S40: =$S$39*$X$16 -> 0
B42: Up-Load file documenting Project Cost and Loss Reports
B43: Please Include: Loss Test Report for Exisiting and Loss Test Report for Proposed
B44: 1. Click on this cell ---------------------------------> | S44: For Additional Files, click on the cells to the right -----------> as needed and follow the same instructions
B45: 2. From the Menu Bar -> Click Insert
B46: 3. From Insert -> Click Object
B47: 4. Select: Create From File
B48: 5. Browse and select the file to be uploaded
B49: 6. Check: Display as Icon (Do not Check Link to File, if option)
B50: 7. Click on Change Icon
B51: 8. Type your choice of file name in the caption line, click OK
B52: 9. Hit OK
B53: NOTE: THERE IS A 7 MB TOTAL FILE SIZE LIMIT FOR SUBMITTAL
B54: Total Incentive Amount | S54: =IFERROR(IF(S40<0,0,IF(S37*J12<(0.7*$S$40),S37*J12,0.7*$S$40)),"")
B55: EEI Incentive Amount | S55: =IFERROR(S54*Summary!$M$18,"")
B56: Self Funded Incentive Amount | S56: =IFERROR(S54*Summary!$M$19,"")
A58: BPA Technical Support: Tony Koch, 206.220.6777, jakoch@bpa.gov

Sheet TF4
B1: Transformer Tab 4
AC2: Legend
AC3: To be filled in by the user
B4: Measure Name | AC4: Automatically calculated
B5: Project Start
B6: M&V Completion Date
B7: Data entry by
B8: Data entry date
B9: Project Intent | H9: --Select--
B10: Project Type | H10: --Select--
B11: Measure Ref # | H11: =IF(H10="New Construction","UUDTR95006",IF(H10="Retrofit","UUDTR85006",""))
B12: Incentive Rate ($/kWh) | J12: =IF(OR(ISBLANK($H$5),H10="--Select--"),"",OFFSET(Lists!$AI$1,MATCH(H11,Lists!$AA$2:$AA$4,FALSE),MATCH($H$5,Lists!$AJ$1:$BA$1,1)))
S14: Existing System | X14: Proposed System
B16: Quantity | X16: 1
B17: Nameplate Power of the Transformer (kVA)
B18: Peak Annual (Hourly) Power on Transformer (kVA) | X18: =S18 -> 0 | AC18: Note: You may manually enter kVA values but by manually entering kVA you may not be able to revert to calculated value
B19: Average (Hourly) Power on Transformer (kVA) | X19: =S19 -> 0
B20: Load Factor (Avg / Peak) | S20: =IFERROR($S$19/$S$18,"") | X20: =IFERROR($X$19/$X$18,"")
B22: Annual Loss Factor (.85*LF^2+.15*LF) | S22: =IFERROR($S$20^2*0.85+$S$20*0.15,"") | X22: =IFERROR(0.85*X20^2+0.15*X20,"")
B23: Annual Energized Hours | X23: =S23 -> 0
B25: No Load Loss Nameplate Rated Power (kW)
B26: Load Loss at Nameplate Rated Power (kW)
B28: Manufacturer Loss Report documentation | S28: Attach Below | X28: Attach Below
B30: Peak Load-Loss (kW) | S30: =IFERROR($S$26*($S$18/$S$17)^2,"") | X30: =IFERROR($X$26*($X$18/X17)^2,"")
B31: Annual No-Load (core) Energy Losses (kWh/year) | S31: =IFERROR($S$25*$S$23,"") -> 0 | X31: =IFERROR($X$25*$X$23,"") -> 0
B32: Annual Load (winding) Energy Losses (kWh/year) | S32: =IFERROR($S$30*$S$22*$S$23,"") | X32: =IFERROR($X$30*$X$22*$X$23,"")
B33: Unit Annual Energy Losses (kWh/year) | S33: =IFERROR(SUM(S31:V32),"") -> 0 | X33: =SUM(X31:AA32) -> 0
B35: Unit Annual Site Energy Savings (kWh/year) | S35: =IFERROR(($S$33-$X$33),"") -> 0
B36: Total Annual Site Energy Savings (kWh/year) | S36: =IFERROR(($S$33-$X$33)*$X$16,"") -> 0 | AC36: BUSBAR Factor
B37: Total Annual Busbar Energy Savings (kWh/year) | S37: =IFERROR(S36*AC37,"") -> 0 | AC37: 1.09056
B39: Unit Project Cost ($) (Quantity = 1)
B40: Total Project Cost ($) | S40: =$S$39*$X$16 -> 0
B42: Up-Load file documenting Project Cost and Loss Reports
B43: Please Include: Loss Test Report for Exisiting and Loss Test Report for Proposed
B44: 1. Click on this cell ---------------------------------> | S44: For Additional Files, click on the cells to the right -----------> as needed and follow the same instructions
B45: 2. From the Menu Bar -> Click Insert
B46: 3. From Insert -> Click Object
B47: 4. Select: Create From File
B48: 5. Browse and select the file to be uploaded
B49: 6. Check: Display as Icon (Do not Check Link to File, if option)
B50: 7. Click on Change Icon
B51: 8. Type your choice of file name in the caption line, click OK
B52: 9. Hit OK
B53: NOTE: THERE IS A 7 MB TOTAL FILE SIZE LIMIT FOR SUBMITTAL
B54: Total Incentive Amount | S54: =IFERROR(IF(S40<0,0,IF(S37*J12<(0.7*$S$40),S37*J12,0.7*$S$40)),"")
B55: EEI Incentive Amount | S55: =IFERROR(S54*Summary!$M$18,"")
B56: Self Funded Incentive Amount | S56: =IFERROR(S54*Summary!$M$19,"")
A58: BPA Technical Support: Tony Koch, 206.220.6777, jakoch@bpa.gov

Sheet TF5
B1: Transformer Tab 5
AC2: Legend
AC3: To be filled in by the user
B4: Measure Name | AC4: Automatically calculated
B5: Project Start
B6: M&V Completion Date
B7: Data entry by
B8: Data entry date
B9: Project Intent | H9: --Select--
B10: Project Type | H10: --Select--
B11: Measure Ref # | H11: =IF(H10="New Construction","UUDTR95006",IF(H10="Retrofit","UUDTR85006",""))
B12: Incentive Rate ($/kWh) | J12: =IF(OR(ISBLANK($H$5),H10="--Select--"),"",OFFSET(Lists!$AI$1,MATCH(H11,Lists!$AA$2:$AA$4,FALSE),MATCH($H$5,Lists!$AJ$1:$BA$1,1)))
S14: Existing System | X14: Proposed System
B16: Quantity | X16: 1
B17: Nameplate Power of the Transformer (kVA)
B18: Peak Annual (Hourly) Power on Transformer (kVA) | X18: =S18 -> 0 | AC18: Note: You may manually enter kVA values but by manually entering kVA you may not be able to revert to calculated value
B19: Average (Hourly) Power on Transformer (kVA) | X19: =S19 -> 0
B20: Load Factor (Avg / Peak) | S20: =IFERROR($S$19/$S$18,"") | X20: =IFERROR($X$19/$X$18,"")
B22: Annual Loss Factor (.85*LF^2+.15*LF) | S22: =IFERROR($S$20^2*0.85+$S$20*0.15,"") | X22: =IFERROR(0.85*X20^2+0.15*X20,"")
B23: Annual Energized Hours | X23: =S23 -> 0
B25: No Load Loss Nameplate Rated Power (kW)
B26: Load Loss at Nameplate Rated Power (kW)
B28: Manufacturer Loss Report documentation | S28: Attach Below | X28: Attach Below
B30: Peak Load-Loss (kW) | S30: =IFERROR($S$26*($S$18/$S$17)^2,"") | X30: =IFERROR($X$26*($X$18/X17)^2,"")
B31: Annual No-Load (core) Energy Losses (kWh/year) | S31: =IFERROR($S$25*$S$23,"") -> 0 | X31: =IFERROR($X$25*$X$23,"") -> 0
B32: Annual Load (winding) Energy Losses (kWh/year) | S32: =IFERROR($S$30*$S$22*$S$23,"") | X32: =IFERROR($X$30*$X$22*$X$23,"")
B33: Unit Annual Energy Losses (kWh/year) | S33: =IFERROR(SUM(S31:V32),"") -> 0 | X33: =SUM(X31:AA32) -> 0
B35: Unit Annual Site Energy Savings (kWh/year) | S35: =IFERROR(($S$33-$X$33),"") -> 0
B36: Total Annual Site Energy Savings (kWh/year) | S36: =IFERROR(($S$33-$X$33)*$X$16,"") -> 0 | AC36: BUSBAR Factor
B37: Total Annual Busbar Energy Savings (kWh/year) | S37: =IFERROR(S36*AC37,"") -> 0 | AC37: 1.09056
B39: Unit Project Cost ($) (Quantity = 1)
B40: Total Project Cost ($) | S40: =$S$39*$X$16 -> 0
B42: Up-Load file documenting Project Cost and Loss Reports
B43: Please Include: Loss Test Report for Exisiting and Loss Test Report for Proposed
B44: 1. Click on this cell ---------------------------------> | S44: For Additional Files, click on the cells to the right -----------> as needed and follow the same instructions
B45: 2. From the Menu Bar -> Click Insert
B46: 3. From Insert -> Click Object
B47: 4. Select: Create From File
B48: 5. Browse and select the file to be uploaded
B49: 6. Check: Display as Icon (Do not Check Link to File, if option)
B50: 7. Click on Change Icon
B51: 8. Type your choice of file name in the caption line, click OK
B52: 9. Hit OK
B53: NOTE: THERE IS A 7 MB TOTAL FILE SIZE LIMIT FOR SUBMITTAL
B54: Total Incentive Amount | S54: =IFERROR(IF(S40<0,0,IF(S37*J12<(0.7*$S$40),S37*J12,0.7*$S$40)),"")
B55: EEI Incentive Amount | S55: =IFERROR(S54*Summary!$M$18,"")
B56: Self Funded Incentive Amount | S56: =IFERROR(S54*Summary!$M$19,"")
A58: BPA Technical Support: Tony Koch, 206.220.6777, jakoch@bpa.gov

Sheet TF6
B1: Transformer Tab 6
AC2: Legend
AC3: To be filled in by the user
B4: Measure Name | AC4: Automatically calculated
B5: Project Start
B6: M&V Completion Date
B7: Data entry by
B8: Data entry date
B9: Project Intent | H9: --Select--
B10: Project Type | H10: --Select--
B11: Measure Ref # | H11: =IF(H10="New Construction","UUDTR95006",IF(H10="Retrofit","UUDTR85006",""))
B12: Incentive Rate ($/kWh) | J12: =IF(OR(ISBLANK($H$5),H10="--Select--"),"",OFFSET(Lists!$AI$1,MATCH(H11,Lists!$AA$2:$AA$4,FALSE),MATCH($H$5,Lists!$AJ$1:$BA$1,1)))
S14: Existing System | X14: Proposed System
B16: Quantity | X16: 1
B17: Nameplate Power of the Transformer (kVA)
B18: Peak Annual (Hourly) Power on Transformer (kVA) | X18: =S18 -> 0 | AC18: Note: You may manually enter kVA values but by manually entering kVA you may not be able to revert to calculated value
B19: Average (Hourly) Power on Transformer (kVA) | X19: =S19 -> 0
B20: Load Factor (Avg / Peak) | S20: =IFERROR($S$19/$S$18,"") | X20: =IFERROR($X$19/$X$18,"")
B22: Annual Loss Factor (.85*LF^2+.15*LF) | S22: =IFERROR($S$20^2*0.85+$S$20*0.15,"") | X22: =IFERROR(0.85*X20^2+0.15*X20,"")
B23: Annual Energized Hours | X23: =S23 -> 0
B25: No Load Loss Nameplate Rated Power (kW)
B26: Load Loss at Nameplate Rated Power (kW)
B28: Manufacturer Loss Report documentation | S28: Attach Below | X28: Attach Below
B30: Peak Load-Loss (kW) | S30: =IFERROR($S$26*($S$18/$S$17)^2,"") | X30: =IFERROR($X$26*($X$18/X17)^2,"")
B31: Annual No-Load (core) Energy Losses (kWh/year) | S31: =IFERROR($S$25*$S$23,"") -> 0 | X31: =IFERROR($X$25*$X$23,"") -> 0
B32: Annual Load (winding) Energy Losses (kWh/year) | S32: =IFERROR($S$30*$S$22*$S$23,"") | X32: =IFERROR($X$30*$X$22*$X$23,"")
B33: Unit Annual Energy Losses (kWh/year) | S33: =IFERROR(SUM(S31:V32),"") -> 0 | X33: =SUM(X31:AA32) -> 0
B35: Unit Annual Site Energy Savings (kWh/year) | S35: =IFERROR(($S$33-$X$33),"") -> 0
B36: Total Annual Site Energy Savings (kWh/year) | S36: =IFERROR(($S$33-$X$33)*$X$16,"") -> 0 | AC36: BUSBAR Factor
B37: Total Annual Busbar Energy Savings (kWh/year) | S37: =IFERROR(S36*AC37,"") -> 0 | AC37: 1.09056
B39: Unit Project Cost ($) (Quantity = 1)
B40: Total Project Cost ($) | S40: =$S$39*$X$16 -> 0
B42: Up-Load file documenting Project Cost and Loss Reports
B43: Please Include: Loss Test Report for Exisiting and Loss Test Report for Proposed
B44: 1. Click on this cell ---------------------------------> | S44: For Additional Files, click on the cells to the right -----------> as needed and follow the same instructions
B45: 2. From the Menu Bar -> Click Insert
B46: 3. From Insert -> Click Object
B47: 4. Select: Create From File
B48: 5. Browse and select the file to be uploaded
B49: 6. Check: Display as Icon (Do not Check Link to File, if option)
B50: 7. Click on Change Icon
B51: 8. Type your choice of file name in the caption line, click OK
B52: 9. Hit OK
B53: NOTE: THERE IS A 7 MB TOTAL FILE SIZE LIMIT FOR SUBMITTAL
B54: Total Incentive Amount | S54: =IFERROR(IF(S40<0,0,IF(S37*J12<(0.7*$S$40),S37*J12,0.7*$S$40)),"")
B55: EEI Incentive Amount | S55: =IFERROR(S54*Summary!$M$18,"")
B56: Self Funded Incentive Amount | S56: =IFERROR(S54*Summary!$M$19,"")
A58: BPA Technical Support: Tony Koch, 206.220.6777, jakoch@bpa.gov

Sheet Revisions
A1: Revisions
A2: v1.1 | B2: 44028
A3: Added quantity dropdown for each Transformer tab. Energy savings for Transformers is multiplied by quantity
A4: Removed 'Master Ouputs' Tab
A5: Added Revisions Tab
A6: Added If Transformer project cost is less than zero, total incentive is zero
A7: Added Unit Savings and Unit Project cost boxes for Transformer tabs

Sheet BPA Approval Status
A1: Calculator Version: | F1: 1.11 | H1: Released on: | L1: 44652
A3: Status of Tech Approval: | I3: Not Yet Reviewed
A4: Status of Compliance Approval: | I4: Not Yet Reviewed
A6: Technical Review
A7: Reviewing Engineer's Name | Q7: Date of Approval
A18: Compliance Review
A19: Reviewing COTR's Name | Q19: Date of Approval

Sheet Lists
A1: Utility Name | B1: Utility Contact Information | C1: Type of Measure | D1: Number of Submittals | E1: Tech Approval | F1: Incentive | G1: Phase Conductors | H1: Neutral Conductor | I1: Conductor Material | J1: Trnsfrmr Reason | K1: Yes/NO | L1: NC/R | M1: Busbar Factor | N1: Federal | O1: Quantity | P1: Account_Name | Q1: Description | R1: BES_Number | S1: Street | T1: City | U1: State | V1: Zip | AA1: Reference Number | AB1: Resource Opportunity Type | AC1: Sector | AD1: End Use | AE1: Category | AF1: Technology/Activity/Practice | AG1: Default Load Shape | AH1: Default Measure Life | AI1: Project Cost Cap | AJ1: 39539 | AK1: 39722 | AL1: 39904 | AM1: 40087 | AN1: 40269 | AO1: 40452 | AP1: 40634 | AQ1: 40817 | AR1: 41000 | AS1: 41183 | AT1: 41365 | AU1: 41548 | AV1: 41730 | AW1: 41913 | AX1: 42095 | AY1: 42278 | AZ1: 42644 | BA1: 43009
A2: --Select-- | C2: --Select-- | D2: --Select-- | E2: Not Yet Reviewed | F2: --Select-- | G2: --Select-- | H2: --Select-- | I2: --Select-- | J2: --Select-- | K2: --Select-- | L2: --Select-- | M2: 1.09056 | N2: No | O2: 1 | P2: --Select-- | AA2: UUDCN85002 | AB2: R | AC2: Utility System Efficiency | AD2: Utility Distribution System | AE2: Conductors | AF2: Service Conductor Replacement | AG2: SysLoad | AH2: 35 | AI2: 0.7 | AJ2: 0.2 | AK2: 0.27 | AL2: 0.27 | AM2: 0.27 | AN2: 0.27 | AO2: 0.27 | AP2: 0.27 | AQ2: 0.35 | AR2: 0.35 | AS2: 0.35 | AT2: 0.35 | AU2: 0.35 | AV2: 0.35 | AW2: 0.35 | AX2: 0.35 | AY2: 0.35 | AZ2: 0.35 | BA2: 0.35
C3: Re-Conductor Only | D3: 1 | E3: Modification Requested | F3: Full EEI Incentive Allowed | G3: 1 | H3: 0 | I3: Copper | J3: Replace Existing Transformer | K3: Yes | L3: New Construction | N3: Yes | O3: 2 | P3: ALBION | Q3: City of Albion | R3: 10055 | S3: test st | T3: test city | U3: ID | V3: 12345 | AA3: UUDTR95006 | AB3: L | AC3: Utility System Efficiency | AD3: Utility Distribution System | AE3: Transformers | AF3: Transformer Load Management | AG3: SysLoad | AH3: 30 | AI3: 0.7 | AJ3: 0.2 | AK3: 0.27 | AL3: 0.27 | AM3: 0.27 | AN3: 0.27 | AO3: 0.27 | AP3: 0.27 | AQ3: 0.35 | AR3: 0.25 | AS3: 0.25 | AT3: 0.25 | AU3: 0.25 | AV3: 0.25 | AW3: 0.25 | AX3: 0.25 | AY3: 0.25 | AZ3: 0.25 | BA3: 0.25
C4: Transformer Only | D4: 2 | E4: Approved | F4: No EEI Incentive | G4: 2 | H4: 1 | I4: Aluminum | J4: Reduce Loss on a to be Purchased Transformer | K4: No | L4: Retrofit | O4: 3 | P4: ALDER | Q4: Alder Mutual Light Company | R4: 10005 | S4: test st | T4: test city | U4: WA | V4: 12345 | AA4: UUDTR85006 | AB4: R | AC4: Utility System Efficiency | AD4: Utility Distribution System | AE4: Transformers | AF4: Transformer Load Management | AG4: SysLoad | AH4: 30 | AI4: 0.7 | AJ4: 0.2 | AK4: 0.27 | AL4: 0.27 | AM4: 0.27 | AN4: 0.27 | AO4: 0.27 | AP4: 0.27 | AQ4: 0.35 | AR4: 0.35 | AS4: 0.35 | AT4: 0.35 | AU4: 0.35 | AV4: 0.35 | AW4: 0.35 | AX4: 0.35 | AY4: 0.35 | AZ4: 0.35 | BA4: 0.35
C5: Re-Conductor and Transformer | D5: 3 | F5: Custom % EEI Incentive | G5: 3 | I5: ACSR | J5: Aggregate Loads to a Transformer | K5: Shifting Loads | O5: 4 | P5: ASHLAND | Q5: City of Ashland | R5: 10057 | S5: test st | T5: test city | U5: OR | V5: 12345
D6: 4 | J6: Downsize a Transformer | O6: 5 | P6: ASOTIN PUD | Q6: Public Utility District No. 1 of Asotin County | R6: 10015 | S6: test st | T6: test city | U6: WA | V6: 12345 | AB6: Total PV Benefits ($/kWh)
D7: 5 | O7: 6 | P7: BANDON | Q7: City of Bandon | R7: 10059 | S7: test st | T7: test city | U7: OR | V7: 12345 | AA7: UUDCN85002 | AB7: 2.1469102
D8: 6 | O8: 7 | P8: BANGOR | Q8: USN Bangor | R8: 10409 | S8: test st | T8: test city | U8: WA | V8: 12345 | AA8: UUDTR95006 | AB8: 2.274864
O9: 8 | P9: BENTON CO. PUD #1 | Q9: Public Utility District No. 1 of Benton County | R9: 10024 | S9: test st | T9: test city | U9: WA | V9: 12345 | AA9: UUDTR85006 | AB9: 1.9982861
O10: 9 | P10: BENTON REA | Q10: Benton Rural Electric Association | R10: 10025 | S10: test st | T10: test city | U10: WA | V10: 12345
O11: 10 | P11: BIG BEND ELECTRIC COOP. | Q11: Big Bend Electric Cooperative | R11: 10027 | S11: test st | T11: test city | U11: WA | V11: 12345 | AA11: Transformer totals
O12: 11 | P12: BLACHLY-LANE ELECTRIC COOP | Q12: Blachly-Lane Electric Cooperative | R12: 10029 | S12: test st | T12: test city | U12: OR | V12: 12345 | AA12: Reference number | AB12: Project Cost | AC12: Busbar Savings | AD12: Total Incentives | AE12: EEI Incentives | AF12: Self-funded incentives | AG12: Site Savings | AH12: NPV
O13: 12 | P13: BLAINE | Q13: City of Blaine | R13: 10061 | S13: test st | T13: test city | U13: WA | V13: 12345 | Z13: TF1 | AA13: ='TF1'!H11 | AB13: ='TF1'!S40 -> 0 | AC13: ='TF1'!S37 -> 0 | AD13: ='TF1'!S54 | AE13: =Summary!AH32 | AF13: =Summary!AI32 -> 0 | AG13: ='TF1'!S36 -> 0 | AH13: =IFERROR(VLOOKUP(AA13,$AA$7:$AB$9,2,FALSE)*AC13,0) -> 0
O14: 13 | P14: BONNERS FERRY | Q14: City of Bonners Ferry | R14: 10062 | S14: test st | T14: test city | U14: ID | V14: 12345 | Z14: TF2 | AA14: ='TF2'!H11 | AB14: ='TF2'!S40 -> 0 | AC14: ='TF2'!S37 -> 0 | AD14: ='TF2'!S54 | AE14: =Summary!AH33 | AF14: =Summary!AI33 -> 0 | AG14: ='TF2'!S36 -> 0 | AH14: =IFERROR(VLOOKUP(AA14,$AA$7:$AB$9,2,FALSE)*AC14,0) -> 0
O15: 14 | P15: BREMERTON | Q15: USN Bremerton | R15: 10326 | S15: test st | T15: test city | U15: WA | V15: 12345 | Z15: TF3 | AA15: ='TF3'!H11 | AB15: ='TF3'!S40 -> 0 | AC15: ='TF3'!S37 -> 0 | AD15: ='TF3'!S54 | AE15: =Summary!AH34 | AF15: =Summary!AI34 -> 0 | AG15: ='TF3'!S36 -> 0 | AH15: =IFERROR(VLOOKUP(AA15,$AA$7:$AB$9,2,FALSE)*AC15,0) -> 0
O16: 15 | P16: BURLEY | Q16: City of Burley | R16: 10064 | S16: test st | T16: test city | U16: ID | V16: 12345 | Z16: TF4 | AA16: ='TF4'!H11 | AB16: ='TF4'!S40 -> 0 | AC16: ='TF4'!S37 -> 0 | AD16: ='TF4'!S54 | AE16: =Summary!AH35 | AF16: =Summary!AI35 -> 0 | AG16: ='TF4'!S36 -> 0 | AH16: =IFERROR(VLOOKUP(AA16,$AA$7:$AB$9,2,FALSE)*AC16,0) -> 0
O17: 16 | P17: CANBY | Q17: Canby Utility Board | R17: 10044 | S17: test st | T17: test city | U17: OR | V17: 12345 | Z17: TF5 | AA17: ='TF5'!H11 | AB17: ='TF5'!S40 -> 0 | AC17: ='TF5'!S37 -> 0 | AD17: ='TF5'!S54 | AE17: =Summary!AH36 | AF17: =Summary!AI36 -> 0 | AG17: ='TF5'!S36 -> 0 | AH17: =IFERROR(VLOOKUP(AA17,$AA$7:$AB$9,2,FALSE)*AC17,0) -> 0
O18: 17 | P18: CASCADE LOCKS | Q18: City of Cascade Locks | R18: 10065 | S18: test st | T18: test city | U18: OR | V18: 12345 | Z18: TF6 | AA18: ='TF6'!H11 | AB18: ='TF6'!S40 -> 0 | AC18: ='TF6'!S37 -> 0 | AD18: ='TF6'!S54 | AE18: =Summary!AH37 | AF18: =Summary!AI37 -> 0 | AG18: ='TF6'!S36 -> 0 | AH18: =IFERROR(VLOOKUP(AA18,$AA$7:$AB$9,2,FALSE)*AC18,0) -> 0
O19: 18 | P19: CENTRAL ELECTRIC COOP. | Q19: Central Electric Cooperative, Inc. | R19: 10046 | S19: test st | T19: test city | U19: OR | V19: 12345
O20: 19 | P20: CENTRAL LINCOLN PUD | Q20: Central Lincoln People's Utility District | R20: 10047 | S20: test st | T20: test city | U20: OR | V20: 12345
O21: 20 | P21: CENTRALIA | Q21: City of Centralia | R21: 10066 | S21: test st | T21: test city | U21: WA | V21: 12345
P22: CHELAN CO. PUD #1 | Q22: Chelan Co. PUD #1 | R22: 10050 | S22: test st | T22: test city | U22: WA | V22: 12345
P23: CHENEY | Q23: City of Cheney | R23: 10067 | S23: test st | T23: test city | U23: WA | V23: 12345 | Z23: Load Shape indexed | AA23: PV of Energy Savings indexed
P24: CHEWELAH | Q24: City of Chewelah | R24: 10068 | S24: test st | T24: test city | U24: WA | V24: 12345 | Z24: from table below | AA24: from table below
P25: CLALLAM CO. PUD #1 | Q25: Public Utility District No. 1 of Clallam County | R25: 10101 | S25: test st | T25: test city | U25: WA | V25: 12345 | Z25: ElectricLoadProfile | AA25: PV_kWh
P26: CLARK CO. PUD #1 | Q26: Clark Public Utilities | R26: 10103 | S26: test st | T26: test city | U26: WA | V26: 12345 | Z26: SysLoad | AA26: 0.82
P27: CLATSKANIE PUD | Q27: Clatskanie People's Utility District | R27: 10105 | S27: test st | T27: test city | U27: OR | V27: 12345
P28: CLEARWATER POWER CO. | Q28: Clearwater Power Company | R28: 10106 | S28: test st | T28: test city | U28: ID | V28: 12345
P29: COLUMBIA BASIN COOP. | Q29: Columbia Basin Electric Cooperative, Inc. | R29: 10109 | S29: test st | T29: test city | U29: OR | V29: 12345
P30: COLUMBIA POWER COOP. | Q30: Columbia Power Cooperative Association | R30: 10111 | S30: test st | T30: test city | U30: OR | V30: 12345
P31: COLUMBIA REA | Q31: Columbia Rural Electric Association | R31: 10113 | S31: test st | T31: test city | U31: OR | V31: 12345
P32: COLUMBIA RIVER PUD | Q32: Columbia River People's Utility District | R32: 10112 | S32: test st | T32: test city | U32: OR | V32: 12345
P33: CONSOLIDATED IRRIGATION DISTRICT #19 | Q33: Consolidated Irrigation District No. 19 | R33: 10116 | S33: test st | T33: test city | U33: WA | V33: 12345
P34: CONSUMERS POWER, INC. | Q34: Consumers Power, Inc. | R34: 10118 | S34: test st | T34: test city | U34: OR | V34: 12345
P35: COOS-CURRY ELECTRIC COOP. | Q35: Coos-Curry Electric Cooperative, Inc. | R35: 10121 | S35: test st | T35: test city | U35: OR | V35: 12345
P36: COULEE DAM | Q36: Town of Coulee Dam | R36: 10378 | S36: test st | T36: test city | U36: WA | V36: 12345
P37: COWLITZ CO. PUD #1 | Q37: Public Utility District No. 1 of Cowlitz County | R37: 10123 | S37: test st | T37: test city | U37: WA | V37: 12345
P38: DECLO | Q38: City of Declo | R38: 10070 | S38: test st | T38: test city | U38: ID | V38: 12345
... P141: YAKAMA POWER | Q141: Yakama Power | R141: 10502 | S141: test st | T141: test city | U141: WA | V141: 12345

Sheet Upload Build
A1: Measure RefNo | B1: Measure Name | C1: Actual Measure Cost ($) | D1: Actual Measure SITE Savings (kWh) | E1: Actual Measure B/C Ratio | F1: Calculated Measure Reimbursement ($) | G1: Actual Measure Busbar kWh Savings | H1: Actual Measure Total Costs | I1: PV Benefits | J1: Upload Check
A2: UUDCN85002 | B2: Service Conductor Replacement | C2: ='RC1'!R60+'RC2'!R60+'RC3'!R60+'RC4'!R60+'RC5'!R60+'RC6'!R60 -> 0 | D2: =SUM(Summary!P26:U31) -> 0 | E2: =(G2*Lists!$AA$26)/C2 -> #DIV/0! | F2: =SUM(Summary!AH26:AM31) -> 0 | G2: =SUM(Summary!V26:AA31) -> 0 | H2: =C2 -> 0 | I2: =G2*VLOOKUP($A2,Lists!$AA$7:$AB$9,2,FALSE) -> 0 | J2: =IF(C2>0,1,0) -> 0
A3: UUDTR95006 | B3: Transformer Load Management | C3: =SUMIF(Lists!$AA$13:$AA$18,$A3,Lists!$AB$13:$AB$18) -> 0 | D3: =SUMIF(Lists!$AA$13:$AA$18,$A3,Lists!$AG$13:$AG$18) -> 0 | E3: =(G3*Lists!$AA$26)/C3 -> #DIV/0! | F3: =SUMIF(Lists!$AA$13:$AA$18,$A3,Lists!$AD$13:$AD$18) -> 0 | G3: =SUMIF(Lists!$AA$13:$AA$18,$A3,Lists!$AC$13:$AC$18) -> 0 | H3: =C3 -> 0 | I3: =G3*VLOOKUP($A3,Lists!$AA$7:$AB$9,2,FALSE) -> 0 | J3: =IF(C3>0,1,0) -> 0
A4: UUDTR85006 | B4: Transformer Load Management | C4: =SUMIF(Lists!$AA$13:$AA$18,$A4,Lists!$AB$13:$AB$18) -> 0 | D4: =SUMIF(Lists!$AA$13:$AA$18,$A4,Lists!$AG$13:$AG$18) -> 0 | E4: =(G4*Lists!$AA$26)/C4 -> #DIV/0! | F4: =SUMIF(Lists!$AA$13:$AA$18,$A4,Lists!$AD$13:$AD$18) -> 0 | G4: =SUMIF(Lists!$AA$13:$AA$18,$A4,Lists!$AC$13:$AC$18) -> 0 | H4: =C4 -> 0 | I4: =G4*VLOOKUP($A4,Lists!$AA$7:$AB$9,2,FALSE) -> 0 | J4: =IF(C4>0,1,0) -> 0

Sheet ProjectUpload
A1: Facility Street Address | B1: Facility City | C1: Facility State | D1: Facility ZIP | E1: Building Name(s) | F1: Primary Building Use | G1: Secondary Building Use | H1: Federal? (Yes/No) | I1: Utility-Assigned Project ID | J1: Proposal Submission Date | K1: Estimated Project Start Date (MM/DD/YYYY) | L1: TSP Number | M1: Associated EPM Name | N1: Brief Project Summary (1-3 sentences) | O1: Utility Retail Rate (cents/kWh) | P1: Unique Site ID | Q1: Third Party Contract Number | R1: Audit Tracking Number | S1: Container Name | T1: COTR Approval Date (Proposal) | U1: Approved By (COTR name) (Proposal) | V1: Engineering Technical Review provided by: (Proposal) | W1: Completion Report Date Submitted (MM/DD/YYYY) | X1: Actual Project Start Date | Y1: Date Measure(s) Installed | Z1: Completion Report Submitted by | AA1: Company Name | AB1: Company Mailing Address | AC1: Company City | AD1: Company State | AE1: Company ZIP | AF1: Project Contact Name (employee at Facility) | AG1: Project Contact Job Title | AH1: Project Contact Phone Number | AI1: Project Contact Email | AJ1: Project Name | AK1: Account (BES) Number | AL1: BPA Assigned Project ID | AM1: M&V Completion Date | AN1: Project Sector | AO1: Percentage EEI Funding | AP1: Percentage LPF Funding | AQ1: Percentage of Funds Not Requested from BPA | AR1: Total Project Payment to End User ($) | AS1: Reimbursement already paid by progress payments | AT1: Adjusted Maximum Project BPA Reimbursement | AU1: Total Requested BPA Reimbursement | AV1: Requested Project BPA Reimbursment - EEI ($) | AW1: Requested Project BPA Reimbursment - LPF ($) | AX1: Were Engineering Calculations with Verification used? | AY1: Completion Report COTR Approval Date | AZ1: Completion Report Approved By: | BA1: Completion Report Engineering Technical Review provided by: | BB1: Estimated Project TRC Ratio | BC1: Actual Total Project Savings - Site (kWh) | BD1: Actual Total Project Savings - Busbar (kWh) | BE1: Actual Project EEI Funded Savings | BF1: Actual Project LPF Funded Savings | BG1: Actual Project Self-Funded Savings | BH1: Actual Sum of Project Benefits | BI1: Actual Sum of Project Costs | BJ1: Actual Sum of Total Project Costs | BK1: Actual Project TRC Ratio | BL1: Estimated Project Simple Payback (Years) | BM1: Actual Project Simple Payback (Years) | BN1: 70% of Project Cost Cap | BO1: Sum of Measure-Level Reimbursement | BP1: Maximum Project BPA Reimbursement | BQ1: Non-Reportable Savings | BR1: Lighting Wattage Reduction (%) | BS1: Process Type | BT1: Version | BU1: Construction Type | BV1: Porfolio TRC | BW1: M&V Protocol Utilized | BX1: Percentage LPP Funding | BY1: Requested Project BPA Reimbursment - LPP ($) | BZ1: Actual Project LPP Funded Savings | CA1: Self-funding Allocated kWh % | CB1: Outreach Engineer
A2: =VLOOKUP($AK2,Lists!$R$3:$V$141,2,FALSE) -> #N/A | B2: =VLOOKUP($AK2,Lists!$R$3:$V$141,3,FALSE) -> #N/A | C2: =VLOOKUP($AK2,Lists!$R$3:$V$141,4,FALSE) -> #N/A | D2: =VLOOKUP($AK2,Lists!$R$3:$V$141,5,FALSE) -> #N/A | E2: =Summary!P3 -> 0 | F2: Non building measure | H2: =Summary!P5 -> 0 | I2: =Summary!P4 -> 0 | N2: =Summary!P4 -> 0 | P2: =Summary!P6 -> 0 | T2: =IF('BPA Approval Status'!V19=0,"",'BPA Approval Status'!V19) | W2: =IF(Summary!P15=0,"",Summary!P15) | X2: =IF(Summary!P13=0,"",Summary!P13) | Z2: =Summary!P16 -> 0 | AA2: =Summary!P3 -> 0 | AB2: =A2 -> #N/A | AC2: =B2 -> #N/A | AD2: =C2 -> #N/A | AE2: =D2 -> #N/A | AF2: =Summary!P7 -> 0 | AG2: =Summary!P8 -> 0 | AH2: =Summary!P10 -> 0 | AI2: =Summary!P9 -> 0 | AJ2: =Summary!P4 -> 0 | AK2: =VLOOKUP(E2,Lists!$P$2:$R$141,3,FALSE) -> #N/A | AL2: =Summary!L45 -> 0 | AM2: =IF(Summary!P14=0,"",Summary!P14) | AN2: Utility System Efficiency | AO2: =Summary!BA38 -> #DIV/0! | AP2: 0 | AQ2: =Summary!BB38 -> #DIV/0! | AU2: =Summary!AH38 -> 0 | AV2: =Summary!AN38 -> 0 | AW2: 0 | AY2: =IF('BPA Approval Status'!V19=0,"",'BPA Approval Status'!V19) | AZ2: ='BPA Approval Status'!H19 -> 0 | BA2: ='BPA Approval Status'!H7 -> 0 | BC2: =Summary!P38 -> 0 | BD2: =Summary!V38 -> 0 | BE2: =BD2*AO2 -> #DIV/0! | BF2: 0 | BG2: =BD2*CA2 -> #DIV/0! | BH2: =SUM('Upload Build'!I2:I4) -> 0 | BI2: =Summary!AB38 -> 0 | BJ2: =Summary!AB38 -> 0 | BK2: =Summary!K40 | BN2: =BJ2*0.7 -> 0 | BO2: =SUM('Upload Build'!F2:F4) -> 0 | BP2: =IF(BN2>BO2,BO2,BN2) -> 0 | BT2: =Summary!AI7 -> 1.11 | BU2: Retrofit | BW2: Engineering Calculations with Verification | BX2: 0 | BY2: 0 | BZ2: 0 | CA2: =Summary!BB38 -> #DIV/0!

Sheet MeasureUpload
A1: Measure RefNo | B1: Measure Name | C1: Estimated Measure Cost ($) | D1: Actual Measure Cost ($) | E1: Estimated Measure SITE Savings (kWh) | F1: Actual Measure SITE Savings (kWh) | G1: Estimated Annual Measure Non-Energy Benefits ($/Year) | H1: Actual Annual Measure Non-Energy Benefits ($/Year) | I1: Estimated Annual Measure O&M Change ($/Year) | J1: Actual Annual Measure O&M Change ($/Year) | K1: Measure Based Eligible Reimbursement Rate ($/kWh) | L1: Estimated Measure B/C Ratio | M1: Estimated Measure Calculated Reimbursement ($) | N1: Estimated Measure Busbar kWh Savings | O1: Estimated Measure Present Value of Energy Savings | P1: Estimated Measure Present Value of Non-Energy Benefits | Q1: Estimated Measure Present Value of O&M Change | R1: Estimated Measure Total Present Value of Benefits | S1: Estimated Measure Total Costs | T1: Actual Measure B/C Ratio | U1: Calculated Measure Reimbursement ($) | V1: Actual Measure Busbar kWh Savings | W1: Present Value of Measure Energy Savings | X1: Present Value of Measure Non-Energy Benefits | Y1: Present Value of Measure O&M Change | Z1: Actual Measure Total Present Value of Benefits | AA1: Actual Measure Total Costs | AB1: BPA Assigned Project ID | AC1: Utility-Assigned Project ID (Previously entered into the Project Proposal tab)
A2: =IF('Upload Build'!$J$2=1,'Upload Build'!A$2,IF('Upload Build'!$J$3=1,'Upload Build'!A$3,IF('Upload Build'!$J$4=1,'Upload Build'!A$4,""))) | B2: =IF('Upload Build'!$J$2=1,'Upload Build'!B$2,IF('Upload Build'!$J$3=1,'Upload Build'!B$3,IF('Upload Build'!$J$4=1,'Upload Build'!B$4,""))) | C2: =IF(D2="","",D2) | D2: =IF('Upload Build'!$J$2=1,'Upload Build'!C$2,IF('Upload Build'!$J$3=1,'Upload Build'!C$3,IF('Upload Build'!$J$4=1,'Upload Build'!C$4,""))) | E2: =IF(F2="","",F2) | F2: =IF('Upload Build'!$J$2=1,'Upload Build'!D$2,IF('Upload Build'!$J$3=1,'Upload Build'!D$3,IF('Upload Build'!$J$4=1,'Upload Build'!D$4,""))) | K2: =IF(A2="","",VLOOKUP($A2,Lists!$AA$2:$BA$4,27,FALSE)) | L2: =IF(T2="","",T2) | O2: =IF($A2="","",VLOOKUP($A2,'Upload Build'!$A$2:$I$4,9,FALSE)) | P2: =IF($A2="","",0) | Q2: =IF($A2="","",0) | S2: =IF(AA2="","",AA2) | T2: =IF('Upload Build'!$J$2=1,'Upload Build'!E$2,IF('Upload Build'!$J$3=1,'Upload Build'!E$3,IF('Upload Build'!$J$4=1,'Upload Build'!E$4,""))) | U2: =IF('Upload Build'!$J$2=1,'Upload Build'!F$2,IF('Upload Build'!$J$3=1,'Upload Build'!F$3,IF('Upload Build'!$J$4=1,'Upload Build'!F$4,""))) | V2: =IF('Upload Build'!$J$2=1,'Upload Build'!G$2,IF('Upload Build'!$J$3=1,'Upload Build'!G$3,IF('Upload Build'!$J$4=1,'Upload Build'!G$4,""))) | W2: =IF($A2="","",VLOOKUP($A2,'Upload Build'!$A$2:$I$4,9,FALSE)) | X2: =IF($A2="","",0) | Y2: =IF($A2="","",0) | Z2: =IF($A2="","",VLOOKUP($A2,'Upload Build'!$A$2:$I$4,9,FALSE)) | AA2: =IF('Upload Build'!$J$2=1,'Upload Build'!H$2,IF('Upload Build'!$J$3=1,'Upload Build'!H$3,IF('Upload Build'!$J$4=1,'Upload Build'!H$4,""))) | AB2: =IF($A2="","",Summary!$L$45) | AC2: =IF($A2="","",Summary!$P$4)
A3: =IF('Upload Build'!$J$2=1, IF('Upload Build'!$J$3=1,'Upload Build'!A$3, IF('Upload Build'!$J$4=1,'Upload Build'!A$4,"")),IF('Upload Build'!$J$3=1, IF('Upload Build'!$J$4=1, 'Upload Build'!A$4,""),"")) | B3: =IF('Upload Build'!$J$2=1, IF('Upload Build'!$J$3=1,'Upload Build'!B$3, IF('Upload Build'!$J$4=1,'Upload Build'!B$4,"")),IF('Upload Build'!$J$3=1, IF('Upload Build'!$J$4=1, 'Upload Build'!B$4,""),"")) | C3: =IF(D3="","",D3) | D3: =IF('Upload Build'!$J$2=1, IF('Upload Build'!$J$3=1,'Upload Build'!C$3, IF('Upload Build'!$J$4=1,'Upload Build'!C$4,"")),IF('Upload Build'!$J$3=1, IF('Upload Build'!$J$4=1, 'Upload Build'!C$4,""),"")) | E3: =IF(F3="","",F3) | F3: =IF('Upload Build'!$J$2=1, IF('Upload Build'!$J$3=1,'Upload Build'!D$3, IF('Upload Build'!$J$4=1,'Upload Build'!D$4,"")),IF('Upload Build'!$J$3=1, IF('Upload Build'!$J$4=1, 'Upload Build'!D$4,""),"")) | K3: =IF(A3="","",VLOOKUP($A3,Lists!$AA$2:$BA$4,27,FALSE)) | L3: =IF(T3="","",T3) | O3: =IF($A3="","",VLOOKUP($A3,'Upload Build'!$A$2:$I$4,9,FALSE)) | P3: =IF($A3="","",0) | Q3: =IF($A3="","",0) | S3: =IF(AA3="","",AA3) | T3: =IF('Upload Build'!$J$2=1, IF('Upload Build'!$J$3=1,'Upload Build'!E$3, IF('Upload Build'!$J$4=1,'Upload Build'!E$4,"")),IF('Upload Build'!$J$3=1, IF('Upload Build'!$J$4=1, 'Upload Build'!E$4,""),"")) | U3: =IF('Upload Build'!$J$2=1, IF('Upload Build'!$J$3=1,'Upload Build'!F$3, IF('Upload Build'!$J$4=1,'Upload Build'!F$4,"")),IF('Upload Build'!$J$3=1, IF('Upload Build'!$J$4=1, 'Upload Build'!F$4,""),"")) | V3: =IF('Upload Build'!$J$2=1, IF('Upload Build'!$J$3=1,'Upload Build'!G$3, IF('Upload Build'!$J$4=1,'Upload Build'!G$4,"")),IF('Upload Build'!$J$3=1, IF('Upload Build'!$J$4=1, 'Upload Build'!G$4,""),"")) | W3: =IF($A3="","",VLOOKUP($A3,'Upload Build'!$A$2:$I$4,9,FALSE)) | X3: =IF($A3="","",0) | Y3: =IF($A3="","",0) | Z3: =IF($A3="","",VLOOKUP($A3,'Upload Build'!$A$2:$I$4,9,FALSE)) | AA3: =IF('Upload Build'!$J$2=1, IF('Upload Build'!$J$3=1,'Upload Build'!H$3, IF('Upload Build'!$J$4=1,'Upload Build'!H$4,"")),IF('Upload Build'!$J$3=1, IF('Upload Build'!$J$4=1, 'Upload Build'!H$4,""),"")) | AB3: =IF($A3="","",Summary!$L$45) | AC3: =IF($A3="","",Summary!$P$4)
A4: =IF(SUM('Upload Build'!$J$2:$J$4)=3,'Upload Build'!A$4,"") | B4: =IF(SUM('Upload Build'!$J$2:$J$4)=3,'Upload Build'!B$4,"") | C4: =IF(D4="","",D4) | D4: =IF(SUM('Upload Build'!$J$2:$J$4)=3,'Upload Build'!C$4,"") | E4: =IF(F4="","",F4) | F4: =IF(SUM('Upload Build'!$J$2:$J$4)=3,'Upload Build'!D$4,"") | K4: =IF(A4="","",VLOOKUP($A4,Lists!$AA$2:$BA$4,27,FALSE)) | L4: =IF(T4="","",T4) | O4: =IF($A4="","",VLOOKUP($A4,'Upload Build'!$A$2:$I$4,9,FALSE)) | P4: =IF($A4="","",0) | Q4: =IF($A4="","",0) | S4: =IF(AA4="","",AA4) | T4: =IF(SUM('Upload Build'!$J$2:$J$4)=3,'Upload Build'!E$4,"") | U4: =IF(SUM('Upload Build'!$J$2:$J$4)=3,'Upload Build'!F$4,"") | V4: =IF(SUM('Upload Build'!$J$2:$J$4)=3,'Upload Build'!G$4,"") | W4: =IF($A4="","",VLOOKUP($A4,'Upload Build'!$A$2:$I$4,9,FALSE)) | X4: =IF($A4="","",0) | Y4: =IF($A4="","",0) | Z4: =IF($A4="","",VLOOKUP($A4,'Upload Build'!$A$2:$I$4,9,FALSE)) | AA4: =IF(SUM('Upload Build'!$J$2:$J$4)=3,'Upload Build'!H$4,"") | AB4: =IF($A4="","",Summary!$L$45) | AC4: =IF($A4="","",Summary!$P$4)

Sheet Distribution Factor
A1: Distribution Factor
A2: b | B2: d | S2: b | T2: d | U2: d | V2: b
A3: 1 | B3: 1.000087 | S3: 1 | T3: 1 | U3: =0.578*EXP(0.548*S3) -> 0.99981861 | V3: 1
A4: 0.98 | B4: 0.98914632 | S4: 0.98 | U4: =0.578*EXP(0.548*S4) -> 0.98892043 | V4: 0.98
A5: 0.96 | B5: 0.97832533 | S5: 0.96 | U5: =0.578*EXP(0.548*S5) -> 0.97814104 | V5: 0.96
A6: 0.94 | B6: 0.96762273 | S6: 0.94 | U6: =0.578*EXP(0.548*S6) -> 0.96747914 | V6: 0.94
A7: 0.92 | B7: 0.9570372 | S7: 0.92 | U7: =0.578*EXP(0.548*S7) -> 0.95693347 | V7: 0.92
A8: 0.9 | B8: 0.94656748 | S8: 0.9 | T8: 0.95 | U8: =0.578*EXP(0.548*S8) -> 0.94650274 | V8: 0.9
A9: 0.88 | B9: 0.9362123 | S9: 0.88 | U9: =0.578*EXP(0.548*S9) -> 0.93618571 | V9: 0.88
A10: 0.86 | B10: 0.9259704 | S10: 0.86 | U10: =0.578*EXP(0.548*S10) -> 0.92598114 | V10: 0.86
A11: 0.84 | B11: 0.91584054 | S11: 0.84 | U11: =0.578*EXP(0.548*S11) -> 0.9158878 | V11: 0.84
A12: 0.82 | B12: 0.9058215 | S12: 0.82 | U12: =0.578*EXP(0.548*S12) -> 0.90590448 | V12: 0.82
A13: 0.8 | B13: 0.89591207 | S13: 0.8 | T13: 0.9 | U13: =0.578*EXP(0.548*S13) -> 0.89602998 | V13: 0.8
A14: 0.78 | B14: 0.88611104 | S14: 0.78 | U14: =0.578*EXP(0.548*S14) -> 0.88626311 | V14: 0.78
A15: 0.76 | B15: 0.87641723 | S15: 0.76 | U15: =0.578*EXP(0.548*S15) -> 0.8766027 | V15: 0.76
A16: 0.74 | B16: 0.86682947 | S16: 0.74 | U16: =0.578*EXP(0.548*S16) -> 0.86704759 | V16: 0.74
A17: 0.72 | B17: 0.8573466 | S17: 0.72 | U17: =0.578*EXP(0.548*S17) -> 0.85759664 | V17: 0.72
A18: 0.7 | B18: 0.84796746 | S18: 0.7 | U18: =0.578*EXP(0.548*S18) -> 0.8482487 | V18: 0.7
A19: 0.68 | B19: 0.83869094 | S19: 0.68 | U19: =0.578*EXP(0.548*S19) -> 0.83900265 | V19: 0.68
A20: 0.66 | B20: 0.82951589 | S20: 0.66 | U20: =0.578*EXP(0.548*S20) -> 0.82985739 | V20: 0.66
A21: 0.64 | B21: 0.82044122 | S21: 0.64 | U21: =0.578*EXP(0.548*S21) -> 0.82081181 | V21: 0.64
A22: 0.62 | B22: 0.81146582 | S22: 0.62 | U22: =0.578*EXP(0.548*S22) -> 0.81186484 | V22: 0.62
A23: 0.6 | B23: 0.80258861 | S23: 0.6 | U23: =0.578*EXP(0.548*S23) -> 0.80301538 | V23: 0.6
A24: 0.58 | B24: 0.79380851 | S24: 0.58 | U24: =0.578*EXP(0.548*S24) -> 0.79426239 | V24: 0.58
A25: 0.56 | B25: 0.78512447 | S25: 0.56 | U25: =0.578*EXP(0.548*S25) -> 0.7856048 | V25: 0.56
... A27: 0.52 | B27: 0.76804035 | S27: 0.52 | U27: =0.578*EXP(0.548*S27) -> 0.76857171 | V27: 0.52
A28: 0.5 | B28: 0.7596382 | S28: 0.5 | T28: 0.764 | U28: =0.578*EXP(0.548*S28) -> 0.76019416 | V28: 0.5
A29: 0.48 | B29: 0.75132797 | S29: 0.48 | U29: =0.578*EXP(0.548*S29) -> 0.75190792 | V29: 0.48
A30: 0.46 | B30: 0.74310865 | S30: 0.46 | U30: =0.578*EXP(0.548*S30) -> 0.743712 | V30: 0.46
A31: 0.44 | B31: 0.73497925 | S31: 0.44 | U31: =0.578*EXP(0.548*S31) -> 0.73560543 | V31: 0.44
A32: 0.42 | B32: 0.72693878 | S32: 0.42 | U32: =0.578*EXP(0.548*S32) -> 0.72758721 | V32: 0.42
A33: 0.4 | B33: 0.71898627 | S33: 0.4 | U33: =0.578*EXP(0.548*S33) -> 0.71965639 | V33: 0.4
A34: 0.38 | B34: 0.71112076 | S34: 0.38 | U34: =0.578*EXP(0.548*S34) -> 0.71181203 | V34: 0.38
A35: 0.36 | B35: 0.7033413 | S35: 0.36 | U35: =0.578*EXP(0.548*S35) -> 0.70405316 | V35: 0.36
A36: 0.34 | B36: 0.69564694 | S36: 0.34 | U36: =0.578*EXP(0.548*S36) -> 0.69637887 | V36: 0.34
A37: 0.32 | B37: 0.68803676 | S37: 0.32 | U37: =0.578*EXP(0.548*S37) -> 0.68878823 | V37: 0.32
A38: 0.3 | B38: 0.68050983 | S38: 0.3 | T38: 0.68 | U38: =0.578*EXP(0.548*S38) -> 0.68128033 | V38: 0.3
A39: 0.28 | B39: 0.67306524 | S39: 0.28 | U39: =0.578*EXP(0.548*S39) -> 0.67385427 | V39: 0.28
A40: 0.26 | B40: 0.6657021 | S40: 0.26 | U40: =0.578*EXP(0.548*S40) -> 0.66650915 | V40: 0.26
A41: 0.24 | B41: 0.6584195 | S41: 0.24 | U41: =0.578*EXP(0.548*S41) -> 0.6592441 | V41: 0.24
A42: 0.22 | B42: 0.65121657 | S42: 0.22 | U42: =0.578*EXP(0.548*S42) -> 0.65205823 | V42: 0.22
A43: 0.2 | B43: 0.64409245 | S43: 0.2 | U43: =0.578*EXP(0.548*S43) -> 0.64495069 | V43: 0.2
A44: 0.18 | B44: 0.63704625 | S44: 0.18 | U44: =0.578*EXP(0.548*S44) -> 0.63792063 | V44: 0.18
A45: 0.16 | B45: 0.63007715 | S45: 0.16 | U45: =0.578*EXP(0.548*S45) -> 0.63096719 | V45: 0.16
A46: 0.14 | B46: 0.62318428 | S46: 0.14 | U46: =0.578*EXP(0.548*S46) -> 0.62408955 | V46: 0.14
A47: 0.12 | B47: 0.61636682 | S47: 0.12 | U47: =0.578*EXP(0.548*S47) -> 0.61728688 | V47: 0.12
A48: 0.1 | B48: 0.60962393 | S48: 0.1 | T48: 0.61 | U48: =0.578*EXP(0.548*S48) -> 0.61055835 | V48: 0.1
A49: 0.08 | B49: 0.60295482 | S49: 0.08 | U49: =0.578*EXP(0.548*S49) -> 0.60390317 | V49: 0.08
A50: 0.06 | B50: 0.59635866 | S50: 0.06 | U50: =0.578*EXP(0.548*S50) -> 0.59732053 | V50: 0.06
A51: 0.04 | B51: 0.58983466 | S51: 0.04 | U51: =0.578*EXP(0.548*S51) -> 0.59080964 | V51: 0.04
A52: 0.02 | B52: 0.58338204 | S52: 0.02 | T52: 0.59 | U52: =0.578*EXP(0.548*S52) -> 0.58436972 | V52: 0.02
A53: 0 | B53: 0.577 | S53: 0 | T53: 0.577 | U53: =0.578*EXP(0.548*S53) -> 0.578 | V53: 0
